 Dungeon Crawl Stone Soup version 0.22-a0-866-geee5034 (webtiles) character file.

1497916 Supahsalami the Conqueror (level 27, -4/179 HPs)
             Began as a Gargoyle Fighter on July 27, 2018.
             Was the Champion of the Shining One.
             Splashed by an acid blob's acid (5 damage)
             ... while paralysed by a floating eye
             ... on level 22 of a ziggurat on July 29, 2018.
             The game lasted 16:50:05 (153180 turns).

Supahsalami the Conqueror (Gargoyle Fighter)      Turns: 153180, Time: 16:50:06

Health: -4/179     AC: 64    Str: 26    XL:     27
Magic:  0/44       EV:  2    Int: 20    God:    the Shining One [******]
Gold:   8885       SH:  0    Dex: 18    Spells: 16/60 levels left

rFire    + + .     SeeInvis +   b - +10 war axe "Luizerig" {chop, Int+3}
rCold    + + +     Gourm    +   w - +5 shield {reflect}
rNeg     + + +     Faith    .   e - +12 gold dragon scales
rPois    ∞         Spirit   +   H - +2 hat of the Bear Spirit {Spirit, +Rage rN+ MR++}
rElec    +         Reflect  +   R - +2 cloak "Kaostrue" {rF- Slay+4}
rCorr    +         Harm     .   g - +2 pair of gloves of Immorality {*Slow rPois rF+ Slay+4}
MR       +++++                  r - +0 pair of boots of Baldness {rCorr Int+4}
Stlth    ..........             k - amulet "Rucuus" {Gourm rN++ MR+ Dex+6}
HPRegen  0.39/turn              O - ring of the Louse {*Drain rPois rF+ rC++ SInv}
MPRegen  0.29/turn              I - +5 ring of protection

@: paralysed, silence, corroded, flying, slowed, glowing
A: big wings, fangs 1, horns 1, talons 1, icy blue scales 2, frail 1, negative
energy resistance 1, electricity resistance, unbreathing, petrification
resistance, rot immunity, AC +20
}: 15/15 runes: decaying, serpentine, slimy, silver, golden, iron, obsidian,
icy, bone, abyssal, demonic, glowing, magical, fiery, dark
a: Stop Flying, Renounce Religion, Evoke Berserk Rage


You were on level 22 of a ziggurat.
You worshipped the Shining One.
The Shining One was exalted by your worship.
You were very full.

You visited 18 branches of the dungeon, and saw 90 of its levels.
You visited Pandemonium 2 times, and saw 18 of its levels.
You visited the Abyss 4 times.
You visited 1 bazaar.
You visited 1 ziggurat, and saw 22 of its levels.
You also visited: Trove, Bailey, Ice Cave and Wizlab.

You collected 16360 gold pieces.
You spent 7475 gold pieces at shops.

Inventory:

Hand Weapons
 a - a +9 eveningstar of holy wrath
 b - the +10 war axe "Luizerig" (weapon) {chop, Int+3}
   (You found it on level 18 of a ziggurat)

   It inflicts extra damage upon your enemies.
   It affects your intelligence (+3).
 c - the +5 hand crossbow of Quick Death {elec, rF+ Int+7}
   (You found it on level 3 of the Crypt)

   It charges the ammunition it shoots with electricity; occasionally upon a
   hit, such missiles may discharge and cause terrible harm.
   It affects your intelligence (+7).
   It protects you from fire.
Missiles
 J - 20 throwing nets (quivered)
 S - 706 bolts
Armour
 e - +12 gold dragon scales (worn)
 g - the +2 pair of gloves of Immorality (worn) {*Slow rPois rF+ Slay+4}
   (You acquired it on level 3 of the Depths)

   It affects your accuracy and damage with ranged weapons and melee attacks
   (+4).
   It protects you from fire.
   It protects you from poison.
   It may slow you when you take damage.
 r - the +0 pair of boots of Baldness (worn) {rCorr Int+4}
   (You acquired it on level 19 of a ziggurat)

   It affects your intelligence (+4).
   It provides partial protection from all sources of acid and corrosion.
 w - a +5 shield of reflection (worn)
 H - the +2 hat of the Bear Spirit (worn) {Spirit, +Rage rN+ MR++}
   (You found it on level 15 of a ziggurat)

   It protects you from negative energy.
   It affects your resistance to hostile enchantments.
   It lets you go berserk.
 R - the +2 cloak "Kaostrue" (worn) {rF- Slay+4}
   (Okawaru gifted it to you on level 3 of the Lair of Beasts)

   It affects your accuracy and damage with ranged weapons and melee attacks
   (+4).
   It makes you vulnerable to fire.
 T - a +2 pair of boots of running
Jewellery
 k - the amulet "Rucuus" (around neck) {Gourm rN++ MR+ Dex+6}
   (You took it off a vault guard on level 5 of the Vaults)

   [amulet of the gourmand]

   It allows you to eat raw meat even when not hungry.
   It affects your dexterity (+6).
   It greatly protects you from negative energy.
   It affects your resistance to hostile enchantments.
 u - a +5 ring of slaying
 I - a +5 ring of protection (right hand)
 O - the ring of the Louse (left hand) {*Drain rPois rF+ rC++ SInv}
   (You took it off an ironheart preserver on level 5 of the Vaults)

   [ring of see invisible]

   It protects you from fire.
   It greatly protects you from cold.
   It protects you from poison.
   It lets you see invisible.
   It causes draining when unequipped.
 U - the ring "Nuaff" {-Tele +Fly MR+ Str-4 Dex+6}
   (You bought it in a shop on level 1 of the Orcish Mines)

   [ring of protection from magic]

   It affects your strength (-4).
   It affects your dexterity (+6).
   It affects your resistance to hostile enchantments.
   It lets you fly.
   It prevents most forms of teleportation.
Wands
 C - a wand of digging (110)
 K - a wand of acid (84)
 P - a wand of paralysis (90)
 V - a wand of iceblast (48)
 X - a wand of disintegration (27)
Scrolls
 j - 19 scrolls of fog
 q - 15 scrolls of immolation
 s - 3 scrolls of summoning
 t - 49 scrolls of remove curse
 z - 7 scrolls of holy word
 A - 13 scrolls of fear
 D - a scroll of brand weapon
 E - 6 scrolls of enchant weapon
 G - 39 scrolls of teleportation
 L - 8 scrolls of blinking
 M - 10 scrolls of silence
 Q - a scroll of enchant armour
 Y - 5 scrolls of identify
 Z - 10 scrolls of magic mapping
Potions
 d - 8 potions of might
 h - 9 potions of heal wounds
 i - 10 potions of cancellation
 l - 7 potions of magic
 m - 14 potions of haste
 n - 23 potions of curing
 p - a potion of resistance
 B - 16 potions of brilliance
 N - 11 potions of agility
Miscellaneous
 v - 19 phantom mirrors
 x - 10 sacks of spiders
 y - a figurine of a ziggurat {Ziggurat easy escape are u sure u want 2 use it now?}
 F - 8 boxes of beasts
 W - a lamp of fire
Comestibles
 f - 97 rations


   Skills:
 O Level 27 Fighting
 * Level 13.1(20.7) Axes
 O Level 27 Maces & Flails
   Level 0.0(8.6) Polearms
 + Level 11.2 Crossbows
 - Level 5.0 Throwing
 O Level 27 Armour
 O Level 27 Dodging
 + Level 25.0 Shields
 + Level 17.1 Spellcasting
 + Level 14.2 Hexes
 * Level 23.2 Charms
 - Level 3.5 Summonings
 - Level 5.0 Translocations
 - Level 3.5 Air Magic
 - Level 5.0 Earth Magic
 O Level 27 Invocations
 * Level 13.1 Evocations


You had 16 spell levels left.
You knew the following spells:

 Your Spells              Type           Power        Failure   Level  Hunger
a - Infusion              Chrm           ####         0%          1    None
b - Song of Slaying       Chrm           #######.     0%          2    None
c - Shroud of Golubria    Chrm/Tloc      ######....   1%          2    None
d - Blink                 Tloc           N/A          4%          2    None
e - Apportation           Tloc           #####.       2%          1    None
f - Slow                  Hex            ######..     1%          2    None
g - Confuse               Hex            ######..     1%          3    None
h - Silence               Hex/Air        ######....   16%         5    ##.....
i - Spectral Weapon       Hex/Chrm       #######.     1%          3    None
j - Portal Projectile     Hex/Tloc       ######       1%          3    None
l - Swiftness             Chrm/Air       ######..     1%          2    None
m - Cause Fear            Hex            ######....   1%          4    None
n - Teleport Other        Tloc           #####...     9%          3    None
o - Leda's Liquefaction   Hex/Erth       ######....   4%          4    None
p - Summon Butterflies    Summ           ####....     4%          1    None
q - Deflect Missiles      Chrm/Air       ######....   14%         6    #####..

Your spell library contained the following spells:

 Spells                   Type           Power        Failure   Level  Hunger
 Magic Dart               Conj           ###.         22%         1    None
 Fireball                 Conj/Fire      ###.......   99%         5    ##.....
 Conjure Flame            Conj/Fire      ###.....     54%         3    None
 Bolt of Fire             Conj/Fire      ###.......   100%        6    #####..
 Lightning Bolt           Conj/Air       ###.......   96%         5    ##.....
 Bolt of Magma            Conj/Fire/Erth ###.......   97%         5    ##.....
 Invisibility             Hex            ######..     10%         6    #####..
 Throw Flame              Conj/Fire      ###...       32%         2    None
 Throw Frost              Conj/Ice       ###...       32%         2    None
 Controlled Blink         Tloc           N/A          100%        8    #######
 Freezing Cloud           Conj/Ice/Air   ###.......   100%        6    #####..
 Mephitic Cloud           Conj/Pois/Air  ###.....     38%         3    None
 Ring of Flames           Chrm/Fire      ######....   85%         7    ######.
 Venom Bolt               Conj/Pois      ###.......   99%         5    ##.....
 Olgreb's Toxic Radiance  Pois           ###.....     91%         4    None
 Death's Door             Chrm/Necr      ######....   100%        8    #######
 Summon Small Mammal      Summ           ####         4%          1    None
 Bolt of Draining         Conj/Necr      ###.......   99%         5    ##.....
 Iskenderun's Mystic Bla  Conj           ###.....     91%         4    None
 Animate Dead             Necr           N/A          91%         4    None
 Pain                     Necr           ###.         22%         1    None
 Animate Skeleton         Necr           N/A          22%         1    None
 Vampiric Draining        Necr           ###.......   54%         3    None
 Haunt                    Necr/Summ      ###.......   100%        7    ######.
 Borgnjor's Revivificati  Necr           ###.......   100%        8    #######
 Freeze                   Ice            ###.         22%         1    None
 Ozocubu's Refrigeration  Ice            ###.......   100%        6    #####..
 Sticky Flame             Conj/Fire      ###.....     91%         4    None
 Summon Ice Beast         Ice/Summ       ###.....     71%         4    None
 Ozocubu's Armour         Chrm/Ice       ######..     1%          3    None
 Call Imp                 Summ           ####....     8%          2    None
 Dispel Undead            Necr           ###.....     99%         5    ##.....
 Regeneration             Chrm/Necr      ######....   1%          3    None
 Sting                    Conj/Pois      ###.         22%         1    None
 Sublimation of Blood     Necr           ###.......   32%         2    None
 Tukima's Dance           Hex            ######..     1%          3    None
 Summon Demon             Summ           ####......   80%         5    ##.....
 Corpse Rot               Necr           N/A          32%         2    None
 Iron Shot                Conj/Erth      ####......   100%        6    #####..
 Stone Arrow              Conj/Erth      ####..       24%         3    None
 Shock                    Conj/Air       ###.         11%         1    None
 Recall                   Summ/Tloc      N/A          12%         3    None
 Agony                    Necr           ###.....     99%         5    ##.....
 Spider Form              Tmut/Pois      ###.......   54%         3    None
 Blade Hands              Tmut           ###.......   99%         5    ##.....
 Statue Form              Tmut/Erth      ####.....    100%        6    #####..
 Ice Form                 Ice/Tmut       ###.....     91%         4    None
 Dragon Form              Tmut           ###.......   100%        7    ######.
 Necromutation            Tmut/Necr      ###.......   100%        8    #######
 Death Channel            Necr           ###.......   100%        6    #####..
 Throw Icicle             Conj/Ice       ###.....     91%         4    None
 Airstrike                Air            ####......   45%         4    None
 Shadow Creatures         Summ           N/A          100%        6    #####..
 Confusing Touch          Hex            ######       1%          1    None
 Flame Tongue             Conj/Fire      ###..        22%         1    None
 Passwall                 Tmut/Erth      ####....     12%         2    None
 Ignite Poison            Fire/Tmut/Pois ###.....     54%         3    None
 Sticks to Snakes         Tmut           ###.....     32%         2    None
 Call Canine Familiar     Summ           ####....     16%         3    None
 Ensorcelled Hibernation  Hex/Ice        #####.       1%          2    None
 Metabolic Englaciation   Hex/Ice        #####.....   32%         5    ##.....
 Shatter                  Erth           #####.....   100%        9    #######
 Dispersal                Tloc           #####.....   99%         6    #####..
 Static Discharge         Conj/Air       ###.....     32%         3    None
 Corona                   Hex            ######.      1%          1    None
 Alistair's Intoxication  Tmut/Pois      ###.....     99%         5    ##.....
 Lee's Rapid Deconstruct  Erth           #####.....   61%         5    ##.....
 Sandblast                Erth           #####.       2%          1    None
 Simulacrum               Ice/Necr       ###.......   100%        6    #####..
 Conjure Ball Lightning   Conj/Air       ###.......   100%        6    #####..
 Excruciating Wounds      Chrm/Necr      ######....   5%          5    ##.....
 Petrify                  Tmut/Erth      ####....     61%         4    None
 Passage of Golubria      Tloc           N/A          28%         4    None
 Orb of Destruction       Conj           ###.......   100%        7    ######.
 Malign Gateway           Summ/Tloc      ####......   100%        7    ######.
 Tornado                  Air            ####......   100%        9    #######
 Summon Hydra             Summ           ####......   100%        7    ######.
 Darkness                 Hex            ######....   10%         6    #####..
 Inner Flame              Hex/Fire       #####...     3%          3    None
 Aura of Abjuration       Summ           ####......   80%         5    ##.....
 Beastly Appendage        Tmut           ###...       22%         1    None
 Disjunction              Tloc           #####.....   100%        8    #######
 Iskenderun's Battlesphe  Conj/Chrm      ######..     5%          5    ##.....
 Fulminant Prism          Conj/Hex       #####.....   12%         4    None
 Dazzling Spray           Conj/Hex       #####.       3%          3    None
 Force Lance              Conj/Tloc      ####....     61%         4    None
 Searing Ray              Conj           ###...       32%         2    None
 Discord                  Hex            ######....   99%         8    #######
 Summon Forest            Summ/Tloc      ####......   71%         5    ##.....
 Summon Lightning Spire   Summ/Air       ####....     45%         4    None
 Summon Guardian Golem    Hex/Summ       ######..     1%          3    None
 Dragon's Call            Summ           ####......   100%        9    #######
 Spellforged Servitor     Conj/Summ      ###.......   100%        7    ######.
 Summon Mana Viper        Hex/Summ       ######..     16%         5    ##.....
 Hydra Form               Tmut           ###.......   100%        6    #####..
 Irradiate                Conj/Tmut      ###.......   99%         5    ##.....
 Gell's Gravitas          Tloc           #####.....   9%          3    None
 Yara's Violent Unravell  Hex/Tmut       #####.....   32%         5    ##.....
 Infestation              Necr           ###.......   100%        8    #######
 Lesser Beckoning         Tloc           #####.....   9%          3    None
 Poisonous Vapours        Pois/Air       ###...       16%         2    None
 Ignition                 Fire           ###.......   100%        8    #######
 Borgnjor's Vile Clutch   Necr/Erth      ####......   91%         5    ##.....


Dungeon Overview and Level Annotations

Branches:
Dungeon (15/15)            Temple (1/1) D:4            Lair (6/6) D:10
  Swamp (4/4) Lair:4        Snake (4/4) Lair:3        Slime (5/5) Lair:6
    Orc (2/2) D:10            Elf (3/3) Orc:2        Vaults (5/5) D:14
  Crypt (3/3) Vaults:2       Tomb (3/3) Crypt:3      Depths (5/5) D:15
   Hell (1/1)                 Dis (7/7) Hell            Geh (7/7) Hell
    Coc (7/7) Hell            Tar (7/7) Hell            Zot (5/5) Depths:5

Altars:
Ashenzari
Cheibriados
Dithmenos
Elyvilon
Fedhas
Gozag
Hepliaklqana
Kikubaaqudgha
Makhleb
Nemelex Xobeh
Okawaru
Qazlal
Ru
Sif Muna
Trog
Uskayaw
Vehumet
Wu Jian
Xom
Yredelemnul
Zin
The Shining One
Beogh
Jiyva
Lugonu

Shops:
D:8 (   D:10 *   D:15 (   Orc:1 =([   Orc:2 =(*[   Elf:1 ?([   Snake:1 *
Vaults:2 (   Depths:1 *   Depths:4 }==

Portals:
Hell: Depths:1 Depths:2 Depths:3 Depths:4 Depths:5
Abyss: Depths:3 Depths:4
Pandemonium: Depths:2 Depths:3

Annotations:
D:9 exclusion: 3 doors
Depths:1 the Enchantress
Zot:5 1 exclusion


Innate Abilities, Weirdness & Mutations

You are resistant to torment.
Your stone body is resilient. (AC +20)
You are immune to poison.
Your large and strong wings let you fly indefinitely.
You resist negative energy. (rN+)
You are resistant to electric shocks. (rElec)
You can survive without breathing.
You are immune to petrification.
You are immune to rotting.
You have very sharp teeth.
You have a pair of small horns on your head.
You have sharp toenails.
You are mostly covered in icy blue scales. (AC +3)
You are frail. (-10% HP)


Message History

The eye of draining gazes at you.
The acid blob hits you but does no damage.
The slime creature hits you but does no damage.
A death ooze comes into view.
The acid blob spits acid at you. The splash of acid hits you! You resist.
* * * LOW HITPOINT WARNING * * *
You are splashed with acid!
The acid burns!
You resist.
* * * LOW HITPOINT WARNING * * *
The acid blob hits you!
* * * LOW HITPOINT WARNING * * *
You are splashed with acid!
The acid burns!
You resist.
* * * LOW HITPOINT WARNING * * *
The eye of draining gazes at you.
The large slime creature hits you but does no damage.
The slime creature hits you but does no damage.
The acid blob spits acid at you. The splash of acid hits you!
You are splashed with acid!
The acid burns!
You resist.
You die...

♣...........∩.▓ .♣
♣♣............▓▓
..♣♣............▓▓
...............▓▓
.((...........▓▓
......(.G....▓▓
...G..(GJGG.▓▓
....G.GGJJJ▓▓
..J...GGJ@▓▓
▓▓▓▓▓▓▓▓▓▓▓


You could see 2 acid blobs, an azure jelly, a great orb of eyes, a large slime
creature, a slime creature, 2 shining eyes, an eye of devastation, a death ooze
(wandering), 5 eyes of draining and a floating eye.

Vanquished Creatures
  Cerebov (Pan)
  Antaeus (Coc:7)
  Asmodeus (Geh:7)
  Gloorx Vloq (Pan)
  the Royal Jelly (Slime:5)
  Lom Lobon (Pan)
  the Serpent of Hell (Tar:7)
  14 pandemonium lords
  Mnoleg (Pan)
  10 ancient liches
  4 orbs of fire
  Dispater (Dis:7)
  Mara (Crypt:2)
  The ghost of Wehose the Golden Sash, a master GnSk of Wu Jian (Zot:4)
  Boris (Tomb:3)
  26 greater mummies
  9 shard shrikes
  Margery (Crypt:1)
  Frederick (Vaults:5)
  Geryon (Hell)
  4 curse toes
  4 caustic shrikes (Depths:2)
  Saint Roka (Depths:1)
  2 Killer Klowns (Zot:5)
  11 golden dragons
  Nikola (Depths:2)
  A profane servitor (Zig:21)
  Jory (Vaults:5)
  5 electric golems
  19 bone dragons
  39 Tzitzimimeh
  9 doom hounds
  Jorgrun (Vaults:1)
  19 Brimstone Fiends
  5 iron giants
  16 Hell Sentinels
  14 Orb Guardians
  A shard shrike skeleton (Crypt:3)
  A hellephant (Abyss:4)
  13 tentacled monstrosities
  33 Ice Fiends
  16 liches
  The ghost of ReniFell the Martial Artist, an adept GnTm of Cheibriados (Snake:4)
  12 deep elf blademasters
  23 titans
  11 quicksilver dragons
  5 deep elf master archers
  10 death cobs
  17 tentacled starspawn
  21 ancient champions
  43 acid blobs
  17 storm dragons
  3 eldritch tentacles
  Gastronok (Lair:1)
  19 sphinxes
  25 Executioners
  2 thorn hunters (Swamp:4)
  7 tengu reavers
  Kirke (Lair:3)
  24 nagarajas
  15 draconian monks
  28 shadow dragons
  7 revenants
  The ghost of pedritolo the Brawler, a journeyman TrBe of Trog (D:15)
  14 azure jellies
  Donald (Swamp:2)
  5 daevas
  An azure jelly (shapeshifter) (Vaults:5)
  19 draconian scorchers
  15 frost giants
  29 fire giants
  6 ghost moths
  8 vault wardens
  39 cacodemons
  Aizul (Vaults:3)
  16 deep elf sorcerers
  11 iron dragons
  2 orc warlords (Orc:2)
  12 draconian knights
  47 balrugs
  4 ghouls
  8 deep elf elementalists
  84 large abominations
  80 reapers
  10 curse skulls
  21 ironheart preservers
  26 stone giants
  6 spriggan defenders
  11 draconian shifters
  17 draconian annihilators
  A caustic shrike skeleton (Depths:2)
  17 blood saints
  8 warmongers
  11 draconian stormcallers
  3 war gargoyles
  2 elemental wellsprings
  8 deep elf demonologists
  15 black suns
  16 black draconians
  An entropy weaver (shapeshifter) (Vaults:5)
  5 entropy weavers
  12 corrupters
  27 very ugly things
  22 red draconians
  5 bennus (Tomb:3)
  13 vampire knights
  12 yellow draconians
  14 purple draconians
  3 spark wasps
  13 green draconians
  16 deep elf annihilators
  12 lorocyprocas
  2 minotaurs (shapeshifter)
  Snorg (Orc:1)
  7 merfolk javelineers
  8 deep elf death magi
  20 white draconians
  12 ettins
  28 green deaths
  42 blizzard demons
  A fire dragon (shapeshifter) (Depths:2)
  4 death oozes
  26 mummy priests
  7 jiangshi
  4 merfolk impalers (Zig:14)
  18 yaktaur captains
  11 eidola
  2 crystal guardians (Abyss:5)
  A spectral golden dragon (Zot:4)
  5 deep elf high priests
  15 ogre magi
  3 kraken zombies
  14 quicksilver dragon zombies
  17 fire dragons
  2 spectral tengu (Zig:21)
  A spectral shadow dragon (D:15)
  16 great orbs of eyes
  11 monstrous demonspawn (Pan)
  2 great orbs of eyes (shapeshifter) (Abyss:5)
  Harold (Orc:1)
  19 ice dragons
  4 ghost crabs
  14 rakshasas
  2 juggernaut simulacra (Pan)
  5 quicksilver dragon skeletons
  10 hell beasts
  34 hydras
  27 vault guards
  22 naga warriors
  4 spriggan air magi
  A merfolk avatar (Zig:18)
  19 anacondas
  3 alligator snapping turtles (Zig:18)
  4 merfolk aquamancers
  5 centaur warriors
  11 death knights
  Erica (Orc:1)
  16 alligators
  4 deep troll shamans
  12 death scarabs
  37 two-headed ogres
  10 deep troll earth magi
  A death yak (shapeshifter) (Depths:2)
  6 tengu warriors
  26 hell hogs
  24 naga sharpshooters
  20 thrashing horrors
  25 dancing weapons
  An orc high priest (Orc:2)
  Urug (Lair:4)
  6 vampire magi
  6 spriggan berserkers
  3 iron golems
  A fire crab (shapeshifter) (Depths:1)
  34 deep elf knights
  77 soul eaters
  6 titan zombies
  23 shock serpents
  14 spriggans
  Sonja (Lair:4)
  39 hell knights
  74 sun demons
  A spectral spark wasp (D:15)
  4 storm dragon zombies
  6 salamander mystics
  5 fire crabs (Zig:15)
  6 titan skeletons
  A cherub (Pan)
  14 wretched stars
  18 sea snakes
  2 spark wasp zombies
  28 shadow wraiths
  A spriggan druid (Swamp:4)
  4 torturous demonspawn (Pan)
  3 ghost moth zombies
  5 golden dragon zombies
  9 anaconda zombies
  12 iron trolls
  203 skeletal warriors
  8 swamp dragons
  5 storm dragon skeletons
  38 sixfirhies
  An unseen horror (shapeshifter) (Vaults:3)
  20 flayed ghosts
  33 deep trolls
  13 naga ritualists
  26 shadow demons
  17 unseen horrors
  A lindwurm (shapeshifter) (Elf:2)
  5 spatial maelstroms
  8 glowing orange brains
  2 lindwurms (Lair:6)
  12 wizards
  58 starcursed masses
  15 gelid demonspawn (Pan)
  19 deep elf archers
  12 infernal demonspawn (Pan)
  2 harpies (shapeshifter)
  5 shadow dragon zombies
  7 shambling mangroves
  10 anaconda skeletons
  14 orc knights
  5 golden dragon skeletons
  9 ironbrand convokers
  24 phantasmal warriors
  2 iron giant skeletons (Crypt:3)
  9 wolf spider zombies
  An orange crystal statue (Vaults:4)
  7 iron dragon zombies
  9 fire giant zombies
  11 stone giant zombies
  11 necromancers
  A wolf spider (Zig:10)
  14 harpies
  A mana viper (shapeshifter) (Vaults:3)
  4 oklob plants
  34 ugly things
  5 orc sorcerers
  7 shadow dragon skeletons
  16 mana vipers
  31 moths of wrath
  78 deep elf magi
  11 shining eyes
  4 cyclopes
  A salamander (shapeshifter) (Elf:2)
  A moth of wrath (shapeshifter) (Zig:10)
  178 slime creatures
  29 salamanders
  5 merfolk sirens
  4 worldbinders
  17 manticores
  6 iron dragon skeletons
  11 frost giant zombies
  9 frost giant skeletons
  An elephant (shapeshifter) (Vaults:2)
  A demonspawn zombie (WizLab)
  10 water nymphs
  56 black mambas
  5 stone giant skeletons
  A shock serpent zombie (Tar:1)
  Joseph (D:7)
  An eye of devastation (shapeshifter) (Vaults:5)
  A black mamba (shapeshifter) (Depths:2)
  5 ice statues
  13 vault sentinels
  A titan simulacrum (Coc:6)
  15 guardian serpents
  A guardian serpent (shapeshifter) (D:15)
  30 naga magi
  7 fire giant skeletons
  14 molten gargoyles
  9 eyes of devastation
  25 orange demons (Pan)
  37 rust devils
  82 smoke demons
  2 centaur skeletons (D:15)
  3 gargoyles
  4 emperor scorpion zombies
  24 spiny frogs
  3 shock serpent skeletons
  A storm dragon simulacrum (Depths:4)
  2 elf skeletons
  2 kobold demonologists
  6 dire elephant skeletons
  3 dire elephant zombies
  2 torpor snails (shapeshifter)
  A yaktaur zombie (WizLab)
  27 yaktaurs
  51 hellions
  A ghost moth simulacrum (Zot:4)
  3 anaconda simulacra
  22 demonic crawlers (Pan)
  55 tormentors
  39 freezing wraiths
  A yaktaur (shapeshifter) (Vaults:5)
  A rime drake (Lair:5)
  A spectral glowing shapeshifter (Zig:21)
  3 elf zombies
  8 komodo dragons
  A white draconian skeleton (Crypt:3)
  19 ancient zymes
  17 efreet
  A golden dragon simulacrum (Coc:2)
  38 ice devils
  40 hellwings
  2 tengu conjurers (Depths:1)
  33 small abominations
  41 guardian mummies
  2 silent spectres (Tar:3)
  19 polar bears
  12 hydra zombies
  A spectral moth of wrath (Zot:4)
  A catoblepas skeleton (Geh:7)
  51 red devils
  3 harpy zombies
  A merfolk (shapeshifter) (Vaults:5)
  5 wind drakes
  8 trolls
  A hornet (shapeshifter) (Depths:2)
  A wind drake (shapeshifter) (Vaults:3)
  27 merfolk
  4 harpy skeletons
  29 hornets
  18 blink frogs
  A sphinx simulacrum (D:15)
  8 tyrant leeches
  9 hydra skeletons
  6 snapping turtles
  2 raiju (shapeshifter)
  7 bog bodies
  A shadow dragon simulacrum (Zot:4)
  30 raiju
  10 hippogriffs
  A blink frog (shapeshifter) (Abyss:1)
  5 ettin zombies
  5 fire dragon zombies
  A frost giant simulacrum (Abyss:3)
  7 ice dragon zombies
  A fire giant simulacrum (Abyss:5)
  4 alligator zombies
  A deep troll zombie (WizLab)
  4 spriggan zombies
  4 air elementals
  A draconian simulacrum (Zot:4)
  138 flying skulls
  29 shadows
  45 wraiths
  7 ice dragon skeletons
  3 tarantellas (Vaults:4)
  5 redbacks
  47 ynoxinuls
  42 yaks
  A vampire (D:12)
  13 ettin skeletons
  2 hogs (Lair:3)
  5 wyverns
  A dire elephant simulacrum (Coc:6)
  7 fire dragon skeletons
  18 water elementals
  A black mamba zombie (Tar:3)
  17 ushabtiu
  2 yaks (shapeshifter)
  6 alligator skeletons
  9 basilisks
  7 fire bats
  13 golden eyes
  25 fire elementals
  A basilisk (shapeshifter) (Zig:10)
  7 hungry ghosts
  38 chaos spawn
  Grum (D:8)
  A swamp worm (shapeshifter) (Depths:1)
  A warg (shapeshifter) (Vaults:5)
  A yellow draconian simulacrum (Zot:4)
  15 vampire mosquitoes
  5 insubstantial wisps (Abyss:5)
  Menkaure (D:6)
  12 swamp worms
  29 neqoxecs
  3 wargs
  81 nagas
  7 spatial vortices
  A hydra simulacrum (Coc:6)
  3 acid dragons
  Duvessa (D:7)
  9 spiny frog zombies
  14 water moccasins
  8 porcupines
  2 floating eyes
  96 hell hounds
  5 black bears
  A moth of wrath simulacrum (Zot:4)
  A merfolk skeleton (Crypt:2)
  57 orc warriors
  2 sky beasts
  A dream sheep zombie (Crypt:1)
  2 eyes of draining (shapeshifter) (Depths:2)
  A gelid demonspawn skeleton (Coc:2)
  5 phantoms
  5 spiny frog skeletons
  A torturous demonspawn skeleton (Crypt:3)
  2 fire dragon simulacra
  A manticore zombie (Geh:5)
  15 swamp drakes
  20 eyes of draining
  35 necrophages
  A sky beast (shapeshifter) (Depths:2)
  2 snapping turtle skeletons
  An alligator simulacrum (Coc:7)
  2 spriggan simulacra (D:15)
  A black mamba simulacrum (Coc:7)
  20 ice beasts
  40 ogres
  A tengu (shapeshifter) (Depths:2)
  An ettin simulacrum (Crypt:2)
  6 snapping turtle zombies
  2 swamp dragon zombies
  A manticore skeleton (Tar:3)
  12 boggarts
  A hornet zombie (D:15)
  21 centaurs
  28 wolves
  3 swamp dragon skeletons
  A hog zombie (Crypt:2)
  17 crocodiles
  2 big kobolds
  A fire crab zombie (Crypt:3)
  4 earth elementals
  17 bullfrogs
  An octopode zombie (Crypt:1)
  A wyvern zombie (D:12)
  A komodo dragon skeleton (Crypt:2)
  2 yaktaur skeletons
  3 scorpions
  A raiju zombie (WizLab)
  Dowan (D:7)
  A troll zombie (Dis:1)
  34 killer bees
  A yak zombie (Crypt:2)
  87 wights
  2 electric eels
  6 howler monkeys
  16 crimson imps
  3 centaur zombies
  8 lava snakes
  3 quasits
  4 bullfrog zombies
  A human zombie (Geh:7)
  Crazy Yiuf (D:2)
  6 bullfrog skeletons
  3 jellies
  22 orc priests
  5 hounds
  20 iron imps
  Terence (D:2)
  6 iguanas
  35 orc wizards
  8 worker ants
  11 hell rats
  2 human skeletons
  2 lightning spires
  A demigod zombie (Crypt:2)
  A naga zombie (Dis:7)
  A felid skeleton (Crypt:3)
  An ogre skeleton (Coc:5)
  A tengu skeleton (Crypt:1)
  A hound skeleton (D:4)
  33 mummies
  2 worker ant zombies
  12 adders
  3 gnolls (Orc:2)
  A river rat (Lair:5)
  18 shadow imps
  32 white imps
  3 ufetubi (Abyss:1)
  An iguana zombie (Crypt:1)
  A worm (D:5)
  A dart slug (D:3)
  8 leopard geckos
  117 orcs
  4 bats
  4 giant cockroaches
  15 goblins
  7 hobgoblins
  9 jackals
  3 quokkas
  3 ball pythons
  3 frilled lizards
  A gnoll skeleton (Crypt:2)
  A hobgoblin zombie (Crypt:2)
  13 kobolds
  A kobold skeleton (Crypt:2)
  A kobold zombie (Coc:2)
  A leopard gecko skeleton (D:5)
  An orc skeleton (Pan)
  An orc zombie (Geh:7)
  3 quokka skeletons
  8 rats
  A crawling corpse (Zig:21)
  2 demonic plants (Pan)
  2 fire vortices
  A fungus (Elf:3)
  3 lurking horrors
  3 plants
  9 starspawn tentacles
  7 tentacles
6283 creatures vanquished.

Vanquished Creatures (collateral kills)
  Ereshkigal (Tar:7)
  2 pandemonium lords
  An ancient lich (Tar:7)
  6 greater mummies
  3 bone dragons
  2 doom hounds (Tar:1)
  A tentacled monstrosity (Pan)
  4 Tzitzimimeh
  3 Brimstone Fiends
  An Ice Fiend (Pan)
  3 liches
  A Hell Sentinel (Dis:7)
  3 acid blobs
  2 Executioners
  A sphinx (Zig:10)
  5 shadow dragons
  2 ancient champions
  2 draconian monks
  A daeva (Abyss:1)
  4 nagarajas
  An iron dragon (Dis:7)
  4 fire giants
  A draconian scorcher (Zig:19)
  2 cacodemons (Pan)
  A warmonger (Pan)
  A draconian stormcaller (Zig:19)
  3 balrugs
  A draconian shifter (Zig:19)
  8 reapers
  2 blood saints
  A caustic shrike skeleton (Zig:12)
  A draconian annihilator (Depths:2)
  2 black suns
  A corrupter (Pan)
  A bennu (Tomb:3)
  A lorocyproca (Zig:11)
  5 blizzard demons
  2 mummy priests
  An ice dragon (Depths:3)
  A spectral tengu (Zig:21)
  A hell beast (Zig:11)
  A ghost crab (Tar:1)
  A spriggan air mage (Depths:3)
  A monstrous demonspawn (Pan)
  A vampire mage (Depths:3)
  11 death scarabs
  A spectral storm dragon (Zot:4)
  2 hell hogs (Geh:4)
  A tengu warrior (Depths:3)
  9 thrashing horrors
  A spriggan berserker (Depths:3)
  A hell knight (Geh:4)
  2 sun demons
  A storm dragon zombie (Coc:7)
  A wretched star (Abyss:5)
  6 soul eaters (Pan)
  A fire crab (Zig:15)
  5 sixfirhies (Pan)
  A shadow wraith (Zig:21)
  9 skeletal warriors
  3 shadow demons
  3 unseen horrors (Abyss:5)
  4 large abominations
  A torturous demonspawn (Pan)
  2 flayed ghosts
  2 glowing orange brains
  2 gelid demonspawn (Pan)
  A harpy (shapeshifter) (Abyss:5)
  A harpy (Zig:18)
  2 stone giant zombies
  A phantasmal warrior (Tar:1)
  A mana viper (Abyss:1)
  An ugly thing (Abyss:1)
  A necromancer (Tar:1)
  2 frost giant zombies
  2 oklob plants (Zig:8)
  A sphinx skeleton (Zig:12)
  An iron dragon zombie (Dis:7)
  A manticore (Zig:14)
  An ice statue (Pan)
  An iron dragon skeleton (Tar:1)
  A dire elephant zombie (Geh:7)
  A spriggan zombie (Zig:12)
  A black mamba (Zig:20)
  2 guardian serpents (Zig:20)
  5 smoke demons
  2 molten gargoyles (Geh:7)
  5 orange demons
  A yaktaur (Depths:2)
  3 hellions
  An efreet (Geh:7)
  3 hellwings (Pan)
  A tormentor (Dis:7)
  9 guardian mummies
  An ice devil (Dis:7)
  A silent spectre (Tar:7)
  6 red devils
  2 demonic crawlers (Pan)
  6 ancient zymes
  A harpy zombie (Tar:7)
  2 spectral moths of wrath (Zot:4)
  5 raiju
  4 flying skulls
  A water elemental (Zig:14)
  4 ynoxinuls
  3 shadows
  A small abomination (Abyss:1)
  A wraith (Dis:7)
  An ushabti (Tomb:3)
  2 fire bats (Geh:6)
  3 chaos spawn (Pan)
  5 fire elementals
  2 golden eyes (Abyss:1)
  3 neqoxecs
  A spatial vortex (Abyss:5)
  A moth of wrath simulacrum (Zot:4)
  4 hell hounds
  A manticore zombie (Tar:1)
  2 necrophages (Tar:1)
  A snapping turtle skeleton (Tar:7)
  A big kobold (Abyss:1)
  A bullfrog (shapeshifter) (Abyss:5)
  6 wights
  10 starcursed masses
  An iron imp (Dis:7)
  7 mummies
  A shadow imp (Tar:3)
  2 kobolds (Abyss:1)
  3 starspawn tentacles
310 creatures vanquished.

Vanquished Creatures (others)
  A Tzitzimitl (Tar:3)
  Asterion (Lair:3)
  An eldritch tentacle (Pan)
  3 deep elf master archers
  A shadow dragon (Zig:21)
  2 fire giants
  A draconian knight (Zot:2)
  A draconian annihilator (Pan)
  3 elemental wellsprings
  A stone giant (Depths:4)
  A blizzard demon (Pan)
  A merfolk javelineer (Zig:18)
  A deep elf death mage (Zig:21)
  A green death (Pan)
  4 yaktaur captains
  A vault guard (Vaults:5)
  A centaur warrior (Depths:2)
  An ogre mage (Vaults:1)
  A deep elf knight (Vaults:3)
  3 naga sharpshooters
  A soul eater (Zig:21)
  A sixfirhy (Pan)
  A salamander mystic (Snake:3)
  2 skeletal warriors
  A shadow demon (Pan)
  2 deep elf archers
  A necromancer (Crypt:1)
  A manticore (D:15)
  A salamander (Geh:7)
  2 moths of wrath (Zot:5)
  A cyclops (Zig:18)
  A vault sentinel (Zig:10)
  A large abomination (Pan)
  A dire elephant skeleton (Geh:7)
  A smoke demon (Pan)
  4 yaktaurs
  A hydra zombie (Dis:5)
  A raiju (Abyss:1)
  A hydra skeleton (Coc:7)
  10 flying skulls
  5 humans (Snake:1)
  6 golden eyes (Abyss:1)
  A neqoxec (Pan)
  2 chaos spawn (Pan)
  An acid dragon (shapeshifter) (Abyss:3)
  A naga (Snake:1)
  3 centaurs
  2 wights
  A starcursed mass (Abyss:3)
  An orc wizard (Orc:2)
  An iron imp (Abyss:1)
  6 mummies (Tomb:2)
  An adder skeleton (Crypt:1)
  10 ball lightnings
  3 orcs
  3 blocks of ice (Pan)
  A crawling corpse (Zig:21)
  A demonic plant (Pan)
  13 fungi
  5 lurking horrors
  16 plants
  15 spectral weapons
  31 starspawn tentacles
  11 tentacles
205 creatures vanquished.

Grand Total: 6798 creatures vanquished

Notes
Turn   | Place    | Note
-------+----------+-------------------------------------------
     0 | D:1      | Supahsalami the Gargoyle Fighter began the quest for the Orb.
     0 | D:1      | Reached XP level 1. HP: 14/14 MP: 1/1
   232 | D:1      | Reached XP level 2. HP: 16/19 MP: 2/2
   569 | D:2      | Found a glowing golden altar of the Shining One.
   620 | D:2      | Reached XP level 3. HP: 20/23 MP: 3/3
  1181 | D:2      | Found a deep blue altar of Sif Muna.
  1290 | D:2      | Noticed Terence
  1301 | D:2      | Killed Terence
  1301 | D:2      | Reached XP level 4. HP: 27/29 MP: 4/4
  1464 | D:2      | Found a runed door.
  1469 | D:2      | Noticed Crazy Yiuf
  1482 | D:2      | Killed Crazy Yiuf
  1841 | D:3      | Reached XP level 5. HP: 15/33 MP: 2/5
  2647 | D:3      | Reached XP level 6. HP: 38/38 MP: 6/6
  3573 | D:3      | Reached XP level 7. HP: 38/44 MP: 4/7
  3710 | D:4      | Got a pitted helmet
  3721 | D:4      | Identified the +0 helmet of Kys Juhu {Str+4} (You found it on level 4 of the Dungeon)
  3771 | D:4      | Reached skill level 5 in Maces & Flails
  3945 | D:4      | Found a radiant altar of Vehumet.
  3946 | D:4      | Found a burning altar of Makhleb.
  4016 | D:4      | Reached skill level 5 in Armour
  4042 | D:4      | Reached skill level 5 in Fighting
  4042 | D:4      | Reached skill level 5 in Shields
  4269 | D:4      | Found a staircase to the Ecumenical Temple.
  4274 | Temple   | Entered the Ecumenical Temple
  4389 | D:5      | Entered Level 5 of the Dungeon
  4612 | D:5      | Reached XP level 8. HP: 47/49 MP: 8/8
  5121 | D:5      | Found a stormy altar of Qazlal.
  5189 | D:5      | Found a snail-covered altar of Cheibriados.
  5621 | D:6      | Found a basalt altar of Yredelemnul.
  5623 | D:6      | Found an iron altar of Okawaru.
  5626 | D:6      | Found an opulent altar of Gozag.
  5632 | D:6      | Found a shattered altar of Ashenzari.
  5636 | D:6      | Found a shadowy altar of Dithmenos.
  5647 | D:6      | Became a worshipper of Warmaster Okawaru
  6093 | D:6      | Noticed Menkaure
  6115 | D:6      | Killed Menkaure
  6597 | D:7      | Noticed Joseph
  6635 | D:7      | Killed Joseph
  6635 | D:7      | Reached * piety under Okawaru
  6635 | D:7      | Reached XP level 9. HP: 20/56 MP: 5/9
  7229 | D:7      | Found a blossoming altar of Fedhas.
  7645 | D:7      | Found a hazy altar of Hepliaklqana.
  7645 | D:7      | Noticed Dowan
  7645 | D:7      | Noticed Duvessa
  7670 | D:7      | Killed Dowan
  7960 | D:7      | Killed Duvessa
  7960 | D:7      | Reached ** piety under Okawaru
  8075 | D:8      | Found Vohiefish's Antique Weapon Emporium.
  8108 | D:8      | Bought a runed morningstar for 175 gold pieces
  8159 | D:8      | Reached XP level 10. HP: 62/63 MP: 8/10
  8415 | D:8      | Noticed a two-headed ogre
  8658 | D:8      | Noticed Grum
  8879 | D:8      | Killed a two-headed ogre
  8879 | D:8      | Reached *** piety under Okawaru
  8997 | D:8      | Bought a glowing morningstar for 175 gold pieces
  9324 | D:9      | Noticed a death knight
  9324 | D:9      | Noticed a skeletal warrior
  9485 | D:9      | Reached skill level 10 in Maces & Flails
  9538 | D:9      | Received a gift from Okawaru
  9792 | D:8      | Killed Grum
 10448 | D:8      | Killed a skeletal warrior
 10448 | D:8      | Reached **** piety under Okawaru
 10448 | D:8      | Reached XP level 11. HP: 52/69 MP: 8/11
 10933 | D:9      | Found a bloodstained altar of Trog.
 10934 | D:9      | Found a hide-covered altar of Uskayaw.
 11006 | D:9      | Found a sacrificial altar of Ru.
 11202 | D:10     | Entered Level 10 of the Dungeon
 11654 | D:10     | Found a staircase to the Lair.
 11738 | D:10     | Found a staircase to the Orcish Mines.
 11936 | D:11     | Reached ***** piety under Okawaru
 11969 | D:11     | Noticed a cyclops
 12033 | D:11     | Killed a cyclops
 12205 | D:11     | Noticed a white ugly thing
 12209 | D:11     | Noticed a two-headed ogre
 12540 | D:10     | Found Loubboji's General Store.
 12695 | D:10     | Killed a two-headed ogre
 12798 | D:10     | Killed a white ugly thing
 13252 | D:11     | Found a portal to a secret trove of treasure.
 13301 | Trove    | Entered a treasure trove
 13304 | Trove    | Found the +3 robe of Folly {Archmagi, MR-- Int+5}
 13309 | Trove    | Got a pair of faintly humming boots
 13313 | Trove    | Got a twisted scale mail
 13327 | Trove    | Got a smoking buckler
 13346 | Trove    | Got a pair of crude boots
 13358 | Trove    | Identified the cursed +1 scale mail of Ucvaull {Int-3 Dex+2 Slay+2} (You found it in a treasure trove)
 13370 | Trove    | Identified the +3 buckler of Zayhotro {rCorr Str+6 Dex-5 Stlth-} (You found it in a treasure trove)
 13380 | Trove    | Identified the +2 pair of boots "Makh" {+Inv rElec Regen+ Str-4} (You found it in a treasure trove)
 13410 | Trove    | Identified the +0 pair of boots of Limited Liability {rC+} (You found it in a treasure trove)
 13424 | Trove    | Identified a +0 pair of boots of running (You found it in a treasure trove)
 13514 | D:11     | Reached skill level 1 in Invocations
 13551 | D:11     | Noticed a manticore
 13645 | D:11     | Killed a manticore
 13907 | D:11     | Reached XP level 12. HP: 77/77 MP: 13/13
 14088 | D:11     | Reached skill level 10 in Fighting
 14125 | D:11     | Reached skill level 10 in Armour
 14195 | D:11     | Reached skill level 10 in Shields
 16139 | D:12     | Noticed a two-headed ogre
 16149 | D:12     | Killed a two-headed ogre
 16416 | D:13     | Received a gift from Okawaru
 16478 | D:13     | Noticed a two-headed ogre
 16497 | D:13     | Killed a two-headed ogre
 16980 | D:13     | Noticed a centaur warrior
 17011 | D:13     | Killed a centaur warrior
 17011 | D:13     | Reached XP level 13. HP: 79/84 MP: 13/16
 17095 | D:13     | Reached skill level 5 in Invocations
 17905 | D:14     | Found a gate to the Vaults.
 17905 | D:14     | Noticed a vault guard
 17905 | D:14     | Noticed a vault guard
 17905 | D:14     | Noticed a vault guard
 17912 | D:14     | Noticed a vault guard
 18586 | D:14     | Killed a vault guard
 18617 | D:14     | Killed a vault guard
 18617 | D:14     | Received a gift from Okawaru
 18738 | D:14     | Killed a vault guard
 18927 | D:14     | Killed a vault guard
 19319 | D:15     | Entered Level 15 of the Dungeon
 19439 | D:15     | Found a runed gate.
 19439 | D:15     | Found a runed gate.
 19439 | D:15     | Found a runed gate.
 19446 | D:15     | Noticed pedritolo's ghost (journeyman TrBe)
 19451 | D:15     | Found Menug's Weapon Shoppe.
 19507 | D:15     | Received a gift from Okawaru
 19973 | D:15     | Noticed a spark wasp
 19973 | D:15     | an alligator changed into a spark wasp
 19978 | D:15     | Noticed an ettin
 19978 | D:15     | a spark wasp changed into an ettin
 19979 | D:15     | an ettin changed into a torpor snail
 20029 | D:15     | Gained mutation: Your large and strong wings let you fly indefinitely. [Gargoyle growth]
 20029 | D:15     | Reached XP level 14. HP: 76/91 MP: 15/18
 20228 | D:15     | Identified the Collected Works on Spatial Enhancements
 20588 | D:15     | Found a staircase to the Depths.
 21299 | Depths:1 | Entered Level 1 of the Depths
 21308 | Depths:1 | Noticed a fire giant
 21969 | Lair:1   | Entered Level 1 of the Lair of Beasts
 22046 | Lair:1   | Noticed Gastronok
 22061 | Lair:1   | Killed Gastronok
 22153 | Lair:1   | Identified 2 scrolls of acquirement
 22164 | Lair:1   | Got a heavily runed helmet
 22170 | Lair:1   | Identified the +0 helmet of Quantum Leap {*Slow rElec rC- Int+9} (You acquired it on level 1 of the Lair of Beasts)
 22582 | Lair:1   | You fall through a shaft!
 23809 | Lair:3   | Found a staircase to the Snake Pit.
 24084 | Lair:3   | Received a gift from Okawaru
 24090 | Lair:3   | Got a spiked cloak {god gift}
 24101 | Lair:3   | Identified the +2 cloak "Kaostrue" {rF- Slay+4} (Okawaru gifted it to you on level 3 of the Lair of Beasts)
 24666 | Lair:4   | Noticed Urug
 24678 | Lair:4   | Killed Urug
 24678 | Lair:4   | Reached ****** piety under Okawaru
 24828 | Lair:4   | Found a frozen archway.
 24835 | Lair:4   | Reached XP level 15. HP: 95/98 MP: 18/20
 24896 | IceCv    | Entered an ice cave
 25105 | IceCv    | Noticed a frost giant
 25145 | IceCv    | Killed a frost giant
 25877 | Lair:4   | Found a staircase to the Swamp.
 26165 | Lair:4   | Noticed Sonja
 26172 | Lair:4   | Killed Sonja
 26470 | Lair:5   | Reached skill level 15 in Maces & Flails
 27034 | Lair:6   | Entered Level 6 of the Lair of Beasts
 27430 | Lair:6   | Found a staircase to the Slime Pits.
 27492 | Lair:6   | Received a gift from Okawaru
 27638 | Lair:6   | Found a large runed door.
 27638 | Lair:6   | Found a large runed door.
 28053 | Lair:6   | Got a heavily runed chain mail
 28064 | Lair:6   | Identified the +5 chain mail of Inference {Dex-3 Slay+5} (You found it on level 6 of the Lair of Beasts)
 28504 | Orc:1    | Entered Level 1 of the Orcish Mines
 28504 | Orc:1    | Found Qoedom Pannu's Antique Weapon Shoppe.
 28504 | Orc:1    | Noticed Erica
 28525 | Orc:1    | Killed Erica
 28547 | Orc:1    | Found Ykitoywo's Armour Emporium.
 28661 | Orc:1    | Noticed Harold
 28676 | Orc:1    | Killed Harold
 28679 | Orc:1    | Noticed Snorg
 28693 | Orc:1    | Killed Snorg
 28769 | Orc:1    | Found Wayhuw's Jewellery Boutique.
 28777 | Orc:1    | Found a flagged portal.
 28809 | Bailey   | Entered a bailey
 28937 | Bailey   | Reached XP level 16. HP: 105/105 MP: 22/22
 29883 | Orc:2    | Entered Level 2 of the Orcish Mines
 29932 | Orc:1    | Bought a ring of the Octopus King {AC+1 EV+1 Str+1 Int+1 Dex+1 Stlth+} for 470 gold pieces
 29932 | Orc:1    | Found the ring of the Octopus King {AC+1 EV+1 Str+1 Int+1 Dex+1 Stlth+}
 30665 | Orc:2    | Found a staircase to the Elven Halls.
 30738 | Orc:2    | Reached skill level 1 in Evocations
 31079 | Orc:2    | Found a roughly hewn altar of Beogh.
 31381 | Orc:2    | Found Axtys's Antique Weapon Boutique.
 31410 | Orc:2    | Found Ipeariv's Antique Armour Boutique.
 31413 | Orc:2    | Paralysed by an orc sorcerer for 5 turns
 31446 | Orc:2    | Found Paumpyix's Jewellery Boutique.
 31780 | Orc:2    | Found Miczyboe's General Store.
 31944 | Orc:2    | Bought a scroll of identify for 28 gold pieces
 31944 | Orc:2    | Bought a scroll of identify for 28 gold pieces
 31995 | Orc:2    | Bought a jewelled mace for 216 gold pieces
 31995 | Orc:2    | Identified the +2 mace of the Unkillable {crush, *Drain +Fly rC+++ SInv} (You bought it in a shop on level 2 of the Orcish Mines)
 32001 | Orc:2    | Got a faintly glowing demon whip
 32004 | Orc:2    | Identified the +2 demon whip "Killer Bee's Curse" {slash, Int+6} (You acquired it on level 2 of the Orcish Mines)
 32171 | Snake:1  | Entered Level 1 of the Snake Pit
 32214 | Snake:1  | Noticed Kirke
 32846 | Lair:3   | Noticed a sphinx
 32851 | Lair:3   | Killed Kirke
 33447 | Snake:1  | Reached skill level 1 in Dodging
 33508 | Snake:1  | Noticed Asterion
 33761 | Lair:3   | Learned a level 1 spell: Infusion
 33764 | Lair:3   | Learned a level 2 spell: Song of Slaying
 33767 | Lair:3   | Learned a level 2 spell: Shroud of Golubria
 33770 | Lair:3   | Learned a level 2 spell: Blink
 33772 | Lair:3   | Learned a level 1 spell: Apportation
 33833 | Lair:3   | Killed Asterion
 34058 | Snake:1  | Reached skill level 1 in Spellcasting
 34308 | Snake:1  | Reached skill level 1 in Charms
 34803 | Snake:1  | Found Doexugor's General Store.
 34823 | Snake:1  | Bought a potion of curing for 51 gold pieces
 34847 | Snake:1  | Reached XP level 17. HP: 93/112 MP: 19/23
 35325 | Snake:2  | Reached skill level 15 in Shields
 36083 | Snake:2  | You are sucked into a shaft!
 36493 | Snake:3  | Reached skill level 15 in Fighting
 37360 | Snake:4  | Entered Level 4 of the Snake Pit
 37480 | Snake:3  | Reached skill level 15 in Armour
 37719 | Snake:4  | Reached skill level 5 in Evocations
 38422 | Snake:4  | Received a gift from Okawaru
 38495 | Snake:4  | Reached XP level 18. HP: 96/119 MP: 20/25
 38688 | Snake:4  | Found a runed door.
 38688 | Snake:4  | Noticed ReniFell's ghost (adept GnTm)
 38804 | Snake:4  | Killed ReniFell's ghost
 38804 | Snake:4  | Reached skill level 10 in Invocations
 40101 | Snake:4  | Learned a level 3 spell: Ozocubu's Armour
 40108 | Snake:4  | Learned a level 6 spell: Deflect Missiles
 40114 | Snake:4  | Learned a level 5 spell: Silence
 40195 | Snake:4  | Reached skill level 5 in Charms
 40220 | Snake:4  | Reached skill level 5 in Spellcasting
 40284 | Snake:4  | Received a gift from Okawaru
 40429 | Snake:4  | Got a serpentine rune of Zot
 41328 | Vaults:1 | Entered Level 1 of the Vaults
 41495 | Vaults:1 | Noticed Jorgrun
 41512 | Vaults:1 | Killed Jorgrun
 41512 | Vaults:1 | Received a gift from Okawaru
 41516 | Vaults:1 | Reached skill level 1 in Throwing
 41527 | Vaults:1 | Reached skill level 5 in Dodging
 42341 | Vaults:2 | Reached XP level 19. HP: 127/127 MP: 10/27
 42451 | Vaults:2 | Found Fyitam's Antique Weapon Boutique.
 42754 | Orc:2    | Bought an uncursed ring of protection from magic for 325 gold pieces
 44211 | Vaults:2 | Found a staircase to the Crypt.
 44229 | Crypt:1  | Entered Level 1 of the Crypt
 44235 | Vaults:2 | Gained mutation: Scrolls take you a little longer to read. [mutagenic glow]
 44291 | Vaults:2 | Gained mutation: Your spells are a little easier to cast, but a little less powerful. [mutagenic glow]
 44352 | Vaults:2 | Gained mutation: You are frail. (-10% HP) [mutagenic glow]
 44381 | Vaults:2 | Gained mutation: You are clumsy. (Dex -2) [mutagenic glow]
 46042 | Vaults:3 | Found a blossoming altar of Fedhas.
 46281 | Vaults:3 | Reached XP level 20. HP: 108/120 MP: 10/30
 46555 | Vaults:3 | Received a gift from Okawaru
 47535 | Vaults:3 | Noticed Aizul
 47615 | Vaults:3 | Killed Aizul
 47975 | Vaults:4 | Received a gift from Okawaru
 48028 | Vaults:4 | Found a flickering gateway to a bazaar.
 48045 | Bazaar   | Entered a bazaar
 48052 | Bazaar   | Found Riyji's Distillery.
 48091 | Bazaar   | Found Yhet's Gadget Shop.
 48104 | Bazaar   | Found Legayx's General Store.
 48104 | Bazaar   | Found Wiv Ovub's Book Boutique.
 48115 | Bazaar   | Bought a potion of haste for 160 gold pieces
 48130 | Bazaar   | Bought a phantom mirror for 390 gold pieces
 48144 | Bazaar   | Bought a potion of curing for 30 gold pieces
 48144 | Bazaar   | Bought a potion of curing for 30 gold pieces
 48144 | Bazaar   | Bought a potion of brilliance for 40 gold pieces
 48144 | Bazaar   | Bought a potion of agility for 40 gold pieces
 48144 | Bazaar   | Bought 2 potions of brilliance for 80 gold pieces
 48144 | Bazaar   | Bought a potion of haste for 100 gold pieces
 48168 | Bazaar   | Learned a level 3 spell: Spectral Weapon
 48176 | Bazaar   | Learned a level 3 spell: Portal Projectile
 48220 | Bazaar   | Bought a ration for 80 gold pieces
 48252 | Bazaar   | Bought a book of Debilitation for 280 gold pieces
 48265 | Bazaar   | Bought a wand of acid (11) for 390 gold pieces
 48265 | Bazaar   | Bought a wand of acid (8) for 312 gold pieces
 48482 | Vaults:4 | Reached skill level 1 in Translocations
 48516 | Vaults:4 | Received a gift from Okawaru
 48548 | Vaults:4 | Reached skill level 1 in Hexes
 48553 | Vaults:4 | Identified the Compendium of the Forsaken Deaths
 48654 | Vaults:4 | Reached skill level 5 in Throwing
 49866 | Vaults:4 | Noticed a Brimstone Fiend
 49867 | Vaults:4 | Noticed a Brimstone Fiend
 50349 | Vaults:5 | Entered Level 5 of the Vaults
 50583 | Depths:1 | Noticed Saint Roka
 50600 | Depths:1 | Reached XP level 21. HP: 126/126 MP: 0/32
 50770 | D:15     | Killed pedritolo's ghost
 50975 | Depths:1 | Received a gift from Okawaru
 50996 | Depths:1 | Killed Saint Roka
 51094 | Depths:1 | Got a pitted turquoise ring
 51096 | Depths:1 | Identified the ring of Rannet {+Inv rF+ rC- MR+ Dex+4} (You found it on level 1 of the Depths)
 51142 | Depths:1 | Found Meulur's Demolitions Depot.
 51542 | Depths:1 | Received a gift from Okawaru
 51593 | Depths:1 | Found a gateway to a ziggurat.
 51809 | Depths:1 | Found a gateway to Hell.
 52407 | Swamp:1  | Entered Level 1 of the Swamp
 53465 | Swamp:2  | Received a gift from Okawaru
 53574 | Swamp:2  | Noticed Donald
 53584 | Swamp:2  | Killed Donald
 53665 | Swamp:2  | Got a transparent bone ring
 53668 | Swamp:2  | Identified the ring "Toab" {*Drain Str+2 Int+10 Dex+4} (You acquired it on level 2 of the Swamp)
 55330 | Swamp:4  | Entered Level 4 of the Swamp
 55635 | Swamp:4  | Reached XP level 22. HP: 133/133 MP: 3/34
 56020 | Swamp:4  | Received a gift from Okawaru
 56271 | Swamp:4  | Got a decaying rune of Zot
 56310 | Swamp:4  | Reached XP level 23. HP: 137/137 MP: 24/36
 57569 | Slime:1  | Entered Level 1 of the Pits of Slime
 57815 | Elf:1    | Entered Level 1 of the Elven Halls
 57815 | Elf:1    | Found Xoal Asoiz's Magic Scroll Shoppe.
 57829 | Elf:1    | Reached skill level 5 in Translocations
 57840 | Elf:1    | Bought a scroll of teleportation for 42 gold pieces
 57840 | Elf:1    | Bought a scroll of teleportation for 42 gold pieces
 57857 | Elf:1    | Reached skill level 5 in Hexes
 57870 | Elf:1    | Found Fugyokh's Antique Armour Boutique.
 57962 | Elf:1    | Found Arecs's Weapon Emporium.
 58054 | Elf:1    | Received a gift from Okawaru
 59128 | Elf:2    | Found a magical portal.
 59142 | WizLab   | Entered Doroklohe's Tomb
 59360 | WizLab   | Noticed an ancient lich
 59386 | WizLab   | Killed an ancient lich
 59433 | WizLab   | Got a transparent plate armour
 59671 | WizLab   | Identified the +5 plate armour "Nietodal" {+Blink rC+ rN+ Dex-4} (You took it off a mummy priest in a wizard's laboratory)
 59738 | WizLab   | Got ichor-stained quicksilver dragon scales
 59992 | WizLab   | Identified the quicksilver dragon scales of Beogh's Regard {rF+ MR+ Dex+2} (You found it in a wizard's laboratory)
 60692 | Elf:2    | Found a huge runed gate.
 60692 | Elf:2    | Found a huge runed gate.
 60692 | Elf:2    | Found a huge runed gate.
 60693 | Elf:2    | Found a huge runed gate.
 60695 | Elf:2    | Found a huge runed gate.
 61482 | Elf:3    | Entered Level 3 of the Elven Halls
 61708 | Elf:3    | Received a gift from Okawaru
 61709 | Elf:3    | Found the +6 shillelagh "Devastator" {shatter}
 62089 | Elf:3    | Reached XP level 24. HP: 144/144 MP: 26/36
 62445 | Elf:3    | Reached skill level 10 in Charms
 62449 | Elf:3    | Reached skill level 10 in Spellcasting
 62514 | Elf:3    | Received a gift from Okawaru
 62682 | Elf:3    | Received a gift from Okawaru
 62682 | Elf:3    | Cast into level 2 of the Abyss (a deep elf sorcerer)
 62689 | Abyss:2  | Learned a level 2 spell: Slow
 62693 | Abyss:2  | Learned a level 3 spell: Regeneration
 62746 | Elf:3    | Escaped the Abyss
 62986 | Elf:3    | Got an ancient trident {pierce}
 63003 | Elf:3    | Identified the +8 trident of the Boiling Point {pierce, +Fly rC+} (You took it off a deep elf knight on level 3 of the Elven Halls)
 63044 | Elf:3    | Got a shimmering morningstar {god gift}
 63045 | Elf:3    | Identified the +9 morningstar "Haegesta" {drain, *Rage rC+ Str+4} (Okawaru gifted it to you on level 3 of the Elven Halls)
 63100 | Elf:3    | Identified the Almanac of Harmful Stones
 63245 | Elf:3    | Lost mutation: Scrolls take you a little longer to read. [potion of mutation]
 63245 | Elf:3    | Lost mutation: Your spells are a little easier to cast, but a little less powerful. [potion of mutation]
 63245 | Elf:3    | Gained mutation: You have a pair of small horns on your head. [potion of mutation]
 63245 | Elf:3    | Gained mutation: You are very frail. (-20% HP) [potion of mutation]
 63245 | Elf:3    | Gained mutation: You have sharp fingernails. [potion of mutation]
 63245 | Elf:3    | Gained mutation: Your flesh is heat resistant. (rF+) [potion of mutation]
 63839 | Depths:2 | Found a one-way gate leading to the halls of Pandemonium.
 63858 | Depths:2 | Noticed a caustic shrike
 63862 | Depths:2 | Noticed a caustic shrike
 63903 | Depths:2 | Killed a caustic shrike
 63915 | Depths:2 | Killed a caustic shrike
 64104 | Depths:2 | Noticed the Enchantress
 64332 | Depths:2 | Noticed a caustic shrike
 64372 | Depths:2 | Killed a caustic shrike
 64413 | Depths:2 | Reached XP level 25. HP: 135/135 MP: 4/37
 64648 | Depths:2 | Received a gift from Okawaru
 64649 | Depths:2 | Found the +0 pair of fencer's gloves {+Riposte Dex+3}
 64728 | Depths:2 | Noticed an ancient lich
 64740 | Depths:2 | Killed an ancient lich
 65192 | Depths:2 | Reached skill level 10 in Dodging
 65582 | Depths:2 | Noticed Nikola
 65607 | Depths:2 | Killed Nikola
 66052 | Depths:3 | Received a gift from Okawaru
 66257 | Depths:3 | Found a transporter.
 66431 | Depths:3 | Lost mutation: You are clumsy. (Dex -2) [potion of mutation]
 66431 | Depths:3 | Lost mutation: You are very frail. (-20% HP) [potion of mutation]
 66431 | Depths:3 | Lost mutation: You have a pair of small horns on your head. [potion of mutation]
 66431 | Depths:3 | Gained mutation: You are partially covered in yellow scales. (AC +2) [potion of mutation]
 66431 | Depths:3 | Gained mutation: Your body sometimes deteriorates upon taking damage. [potion of mutation]
 66431 | Depths:3 | Gained mutation: Your spells are a little harder to cast, but a little more powerful. [potion of mutation]
 66546 | Depths:3 | Found a one-way gate to the infinite horrors of the Abyss.
 66627 | Depths:3 | Found a transporter.
 66928 | Depths:3 | Paralysed by a floating eye for 3 turns
 66943 | Depths:3 | Paralysed by a floating eye for 2 turns
 66960 | Depths:3 | Paralysed by a floating eye for 4 turns
 67234 | Depths:3 | Got a shimmering bone ring
 67237 | Depths:3 | Identified the ring "Ijeirioj" {Wiz MR++ Stlth-} (You found it on level 3 of the Depths)
 67245 | Depths:3 | Got a smoking iron ring
 67248 | Depths:3 | Identified the ring "Suluh" {*Tele *Corrode MR+++ Str-2 Int+10} (You found it on level 3 of the Depths)
 67700 | Depths:4 | Received a gift from Okawaru
 67703 | Depths:4 | Got a jewelled ring mail {god gift}
 67714 | Depths:4 | Identified the +1 ring mail "Ryubb" {rC+ rN+ Stlth-} (Okawaru gifted it to you on level 4 of the Depths)
 67831 | Depths:4 | Found Puiwkel's Gadget Shoppe.
 67831 | Depths:4 | Found Loih's Jewellery Shop.
 67832 | Depths:4 | Found Mefop's Jewellery Shop.
 67854 | Depths:4 | Bought a +5 ring of slaying for 2046 gold pieces
 68271 | Depths:4 | Reached XP level 26. HP: 161/161 MP: 37/37
 68284 | Depths:4 | Got a pitted halberd
 68290 | Depths:4 | Identified the +8 halberd of Guile {elec, *Slow rF+ Str+4 Dex+4} (You found it on level 4 of the Depths)
 68419 | Depths:5 | Entered Level 5 of the Depths
 69227 | Depths:5 | Reached skill level 10 in Evocations
 69467 | Depths:5 | Found a gate to the Realm of Zot.
 70148 | Lair:6   | Lost mutation: Your body sometimes deteriorates upon taking damage. [potion of mutation]
 70148 | Lair:6   | Lost mutation: You are frail. (-10% HP) [potion of mutation]
 70148 | Lair:6   | Lost mutation: Your spells are a little harder to cast, but a little more powerful. [potion of mutation]
 70148 | Lair:6   | Lost mutation: Your flesh is heat resistant. (rF+) [potion of mutation]
 70148 | Lair:6   | Gained mutation: You have a pair of small horns on your head. [potion of mutation]
 70148 | Lair:6   | Gained mutation: Armour fits poorly on your strangely shaped body. [potion of mutation]
 70148 | Lair:6   | Gained mutation: You have a somewhat thin skeletal structure. (Dex +2, Stealth) [potion of mutation]
 70149 | Lair:6   | Lost mutation: You have a pair of small horns on your head. [potion of mutation]
 70149 | Lair:6   | Lost mutation: You have a somewhat thin skeletal structure. (Dex +2, Stealth) [potion of mutation]
 70149 | Lair:6   | Lost mutation: Armour fits poorly on your strangely shaped body. [potion of mutation]
 70149 | Lair:6   | Gained mutation: You are robust. (+10% HP) [potion of mutation]
 70149 | Lair:6   | Gained mutation: You tend to lose your temper in combat. [potion of mutation]
 70149 | Lair:6   | Lost mutation: You are robust. (+10% HP) [potion of mutation]
 70149 | Lair:6   | Gained mutation: You have a pair of small antennae on your head. [potion of mutation]
 70150 | Lair:6   | Lost mutation: You tend to lose your temper in combat. [potion of mutation]
 70150 | Lair:6   | Lost mutation: You have sharp fingernails. [potion of mutation]
 70150 | Lair:6   | Lost mutation: You are partially covered in yellow scales. (AC +2) [potion of mutation]
 70150 | Lair:6   | Gained mutation: You are partially covered in rugged brown scales. (AC +1, +3% HP) [potion of mutation]
 70150 | Lair:6   | Gained mutation: You are partially covered in yellow scales. (AC +2) [potion of mutation]
 70150 | Lair:6   | Gained mutation: You have sharp toenails. [potion of mutation]
 70150 | Lair:6   | Gained mutation: Your muscles are strong. (Str +2) [potion of mutation]
 70167 | Slime:1  | Gained mutation: You are dopey. (Int -2) [a shining eye]
 70178 | Slime:1  | Gained mutation: You tend to lose your temper in combat. [a shining eye]
 70454 | Slime:1  | Gained mutation: You are very dopey. (Int -4) [a shining eye]
 70565 | Slime:1  | Gained mutation: You can translocate small distances at will. [a shining eye]
 71576 | Slime:2  | Gained mutation: Your body sometimes deteriorates upon taking damage. [a shining eye]
 71583 | Slime:2  | Gained mutation: You are occasionally teleported next to monsters. [a shining eye]
 71597 | Lair:6   | Lost mutation: Your muscles are strong. (Str +2) [potion of mutation]
 71597 | Lair:6   | Lost mutation: You can translocate small distances at will. [potion of mutation]
 71597 | Lair:6   | Lost mutation: Your body sometimes deteriorates upon taking damage. [potion of mutation]
 71597 | Lair:6   | Gained mutation: Your flesh is cold resistant. (rC+) [potion of mutation]
 71597 | Lair:6   | Gained mutation: You are partially covered in icy blue scales. (AC +2) [potion of mutation]
 71597 | Lair:6   | Gained mutation: You occasionally shout uncontrollably at your foes. [potion of mutation]
 71597 | Lair:6   | Gained mutation: You can translocate small distances at will. [potion of mutation]
 71865 | Slime:2  | HP: 9/185 [acid (7)]
 71874 | Slime:2  | Gained mutation: You are weak. (Str -2) [a shining eye]
 74024 | Slime:4  | Gained mutation: You are clumsy. (Dex -2) [a shining eye]
 74024 | Slime:4  | Lost mutation: You are clumsy. (Dex -2) [a shining eye]
 74283 | Slime:4  | Gained mutation: Scrolls take you a little longer to read. [a shining eye]
 74814 | Slime:5  | Entered Level 5 of the Pits of Slime
 74845 | Slime:5  | Received a gift from Okawaru
 75051 | Slime:5  | Reached XP level 27. HP: 189/193 MP: 6/37
 76177 | Slime:5  | Received a gift from Okawaru
 76314 | Slime:5  | Noticed the Royal Jelly
 76318 | Slime:5  | Found a viscous altar of Jiyva.
 76341 | Slime:5  | Killed the Royal Jelly
 76711 | Slime:5  | Identified the +2 helmet of Yheo {rF+ rC- rCorr MP+9} (You found it on level 5 of the Pits of Slime)
 76730 | Slime:5  | Got a slimy sapphire amulet
 76752 | Slime:5  | Identified Spellcasting, Part Two
 76826 | Slime:5  | Identified the amulet of Wiguj {RegenMP rPois} (You found it on level 5 of the Pits of Slime)
 76837 | Slime:5  | Got a slimy rune of Zot
 76893 | Slime:5  | Identified the +12 falchion of Due Proportion {flame, +Blink Str+4 Stlth+} (You found it on level 5 of the Pits of Slime)
 77847 | Orc:1    | Bought the ring "Nuaff" {-Tele +Fly MR+ Str-4 Dex+6} for 392 gold pieces
 78252 | Vaults:4 | Got a smoking chain mail
 78264 | Vaults:4 | Identified the +9 chain mail of the Kettle-Drum {Dex+4} (You acquired it on level 4 of the Vaults)
 78267 | Vaults:4 | Learned a level 2 spell: Swiftness
 78487 | Vaults:5 | Noticed Frederick
 78497 | Vaults:5 | Killed Frederick
 78698 | Vaults:5 | Received a gift from Okawaru
 78895 | Vaults:5 | Got a silver rune of Zot
 79146 | Vaults:5 | Received a gift from Okawaru
 79666 | Vaults:5 | Got a faintly glowing sapphire amulet
 79737 | Vaults:5 | Identified the amulet "Rucuus" {Gourm rN++ MR+ Dex+6} (You took it off a vault guard on level 5 of the Vaults)
 80067 | Vaults:5 | Received a gift from Okawaru
 80188 | Vaults:5 | Got a wavering marble ring
 80189 | Vaults:5 | Got a smoking whip {antimagic}
 80218 | Vaults:5 | Identified the +11 whip "Dywkeh" {antimagic, Int+3} (You took it off a vault sentinel on level 5 of the Vaults)
 80267 | Vaults:5 | Got a crude brass ring
 80432 | Vaults:5 | Got a faintly glowing copper ring
 80521 | Vaults:5 | Identified the ring "Zianle" {+Inv MR+} (You took it off a vault sentinel on level 5 of the Vaults)
 80523 | Vaults:5 | Identified the ring "Jauver" {rC- MP+9 Int-3 Slay+5 Stlth+} (You took it off a vault guard on level 5 of the Vaults)
 80525 | Vaults:5 | Identified the ring "Laxa Kom" {rN+ EV+1 Dex+4} (You took it off a yaktaur captain on level 5 of the Vaults)
 80630 | Vaults:5 | Noticed Jory
 80666 | Vaults:5 | Killed Jory
 80730 | Vaults:5 | Got a scintillating brass ring
 81201 | Vaults:5 | Identified Cebacs's Almanac of Confrontation
 82193 | Vaults:5 | Identified Acku Ote's Compendium of Shape Shifting and Stones
 82685 | Zot:1    | Entered Level 1 of the Realm of Zot
 83056 | Zot:1    | Received a gift from Okawaru
 83074 | Zot:1    | Identified the ring of the Louse {*Drain rPois rF+ rC++ SInv} (You took it off an ironheart preserver on level 5 of the Vaults)
 83279 | Zot:1    | Noticed an orb of fire
 83305 | Zot:1    | Gained mutation: You sometimes yell uncontrollably at your foes. [an orb of fire]
 83310 | Zot:1    | Gained mutation: Scrolls take you longer to read. [an orb of fire]
 83329 | Zot:1    | Gained mutation: Scrolls take you much longer to read. [an orb of fire]
 83339 | Zot:1    | Gained mutation: You are sometimes teleported next to monsters. [an orb of fire]
 83341 | Zot:1    | Killed an orb of fire
 84850 | Zot:2    | Received a gift from Okawaru
 86375 | Zot:2    | Found a transporter.
 86378 | Zot:2    | Found a deep blue altar of Sif Muna.
 86508 | Zot:2    | Noticed an ancient lich
 86516 | Zot:2    | Found a transporter.
 86755 | Zot:2    | Killed an ancient lich
 87055 | Zot:2    | Got an ancient granite ring
 87100 | Zot:2    | Got a pair of distressingly furry boots
 87111 | Zot:2    | Identified the -3 pair of boots of Besk {Dex+4} (You found it on level 2 of the Realm of Zot)
 87126 | Zot:2    | Identified the ring "Keegiggyu" {Dex+2 Stlth+} (You found it on level 2 of the Realm of Zot)
 87386 | Zot:3    | Received a gift from Okawaru
 88140 | Zot:3    | Received a gift from Okawaru
 88597 | Zot:3    | Received a gift from Okawaru
 88774 | Zot:3    | Identified A Thorough Guide to Thaumaturgy
 90113 | Zot:4    | Received a gift from Okawaru
 91152 | Zot:4    | Received a gift from Okawaru
 91243 | Zot:4    | Found a runed gate.
 91244 | Zot:4    | Found a runed gate.
 91246 | Zot:4    | Found a runed gate.
 91248 | Zot:4    | Noticed Wehose's ghost (master GnSk)
 91706 | Zot:5    | Entered Level 5 of the Realm of Zot
 92567 | Zot:5    | Noticed an ancient lich
 92581 | Zot:5    | Killed an ancient lich
 92666 | Zot:5    | Noticed an ancient lich
 92682 | Zot:5    | Killed an ancient lich
 92750 | Zot:5    | Received a gift from Okawaru
 92796 | Zot:5    | Noticed an ancient lich
 92836 | Zot:5    | Killed an ancient lich
 92836 | Zot:5    | Reached skill level 27 in Fighting
 93021 | Zot:5    | Reached skill level 27 in Armour
 93433 | Zot:5    | Noticed an orb of fire
 93434 | Zot:5    | Gained mutation: Your spells are a little easier to cast, but a little less powerful. [an orb of fire]
 93446 | Zot:5    | Gained mutation: Potions are less effective at restoring your health. [an orb of fire]
 93447 | Zot:5    | Gained mutation: You are frail. (-10% HP) [an orb of fire]
 93455 | Zot:5    | Gained mutation: You are very weak. (Str -4) [an orb of fire]
 94183 | Vaults:5 | Got emerald-encrusted fire dragon scales
 94521 | Vaults:3 | Identified the +0 fire dragon scales "Ebli" {rElec rF++ rC- Regen+} (You took it off a yaktaur captain on level 5 of the Vaults)
 95796 | Depths:3 | Upgraded the game from 0.22-a0-858-g985ef60 to 0.22-a0-866-geee5034
 97322 | Depths:3 | Got a pair of pitted gloves
 97333 | Depths:3 | Identified the +2 pair of gloves of Immorality {*Slow rPois rF+ Slay+4} (You acquired it on level 3 of the Depths)
 97951 | Zot:5    | Noticed an ancient lich
 97977 | Zot:5    | Killed an ancient lich
 98676 | D:2      | Fell from the grace of Okawaru
 98676 | D:2      | Became a worshipper of the Shining One
 99058 | Crypt:1  | Noticed Margery
 99095 | Crypt:1  | Killed Margery
 99114 | Crypt:1  | Reached * piety under the Shining One
 99990 | Crypt:1  | Reached ** piety under the Shining One
100407 | Depths:2 | Got a steaming trident
100520 | Depths:3 | Identified the +7 trident "Vekuxzab" {pierce, rF+} (You found it on level 2 of the Depths)
101778 | Crypt:2  | Noticed Mara
101783 | Crypt:2  | Reached *** piety under the Shining One
101784 | Crypt:2  | Noticed Supahsalami's illusion
101944 | Crypt:2  | Noticed Supahsalami's illusion
101945 | Crypt:2  | Noticed Supahsalami's illusion
101953 | Crypt:2  | Killed Mara
103028 | Crypt:2  | Reached **** piety under the Shining One
103054 | Crypt:2  | Reached skill level 15 in Spellcasting
103060 | Crypt:2  | Reached skill level 15 in Charms
103276 | Crypt:2  | Reached ***** piety under the Shining One
103530 | Crypt:2  | Lost mutation: Your flesh is cold resistant. (rC+) [potion of mutation]
103530 | Crypt:2  | Lost mutation: You are very dopey. (Int -4) [potion of mutation]
103530 | Crypt:2  | Lost mutation: You are very weak. (Str -4) [potion of mutation]
103530 | Crypt:2  | Lost mutation: You are partially covered in rugged brown scales. (AC +1, +3% HP) [potion of mutation]
103530 | Crypt:2  | Gained mutation: You have a pair of antennae on your head. [potion of mutation]
104199 | Crypt:3  | Entered Level 3 of the Crypt
104682 | Crypt:3  | Reached ****** piety under the Shining One
105204 | Crypt:3  | Found the +5 scythe "Finisher" {speed, Str+3}
105383 | Crypt:3  | Found the +6 arbalest "Damnation" {damnation}
105626 | Crypt:3  | Found a staircase to the Tomb.
105761 | Crypt:3  | Noticed an ancient lich
105775 | Crypt:3  | Killed an ancient lich
105778 | Crypt:3  | Noticed an ancient lich
105793 | Crypt:3  | Killed an ancient lich
105834 | Crypt:3  | Got a scorched hand crossbow
105838 | Crypt:3  | Identified the +5 hand crossbow of Quick Death {elec, rF+ Int+7} (You found it on level 3 of the Crypt)
106072 | D:14     | Was forgiven by Okawaru
107052 | Depths:3 | Voluntarily entered the Abyss.
107849 | Abyss:1  | Paralysed by accursed screaming for 1 turns
108249 | Abyss:1  | Found an ornate altar of the Wu Jian Council.
108427 | Abyss:1  | Gained mutation: You are very frail. (-20% HP) [a neqoxec]
108633 | Abyss:2  | Found a corrupted altar of Lugonu.
109241 | Abyss:5  | Entered Level 5 of the Abyss
109289 | Abyss:5  | Got an abyssal rune of Zot
109539 | Abyss:5  | Gained mutation: Your magical capacity is low. (-10% MP) [a neqoxec]
110003 | Depths:3 | Escaped the Abyss
110311 | D:10     | Bought a scroll of silence for 97 gold pieces
110454 | Elf:1    | Bought a scroll of acquirement for 728 gold pieces
110454 | Elf:1    | Bought a scroll of acquirement for 728 gold pieces
110707 | Hell     | Entered the Vestibule of Hell
110707 | Hell     | Noticed Geryon
110853 | Depths:3 | Got a pair of fine gloves
110864 | Depths:3 | Identified the +4 pair of gloves of Senuhy {Dex+5} (You acquired it on level 3 of the Depths)
110925 | Hell     | Killed Geryon
111081 | Hell     | Reached skill level 15 in Dodging
111140 | Hell     | Found a gateway to the Iron City of Dis.
111339 | Hell     | Found a gateway to the ashen valley of Gehenna.
111432 | Hell     | Found a gateway to the decaying netherworld of Tartarus.
111558 | Hell     | Found a gateway to the freezing wastes of Cocytus.
111723 | Tar:1    | Entered Level 1 of Tartarus
112149 | Tar:1    | Reached skill level 15 in Invocations
113443 | Tar:3    | Identified a +9 eveningstar of holy wrath (a +9 eveningstar of electrocution blessed by the Shining One)
113443 | Tar:3    | Received a gift from the Shining One
114619 | Tar:6    | Gained mutation: You often lose your temper in combat. [mutagenic glow]
115048 | Tar:7    | Entered Level 7 of Tartarus
115601 | Tar:7    | Noticed the Serpent of Hell
115625 | Tar:7    | Killed the Serpent of Hell
115772 | Tar:7    | Got a jewelled scimitar {flame}
115773 | Tar:7    | Identified the +5 scimitar of the Lame Duck {flame, *Rage rN+ MP+9 Int+3} (You took it off a vampire mage on level 7 of Tartarus)
115789 | Tar:7    | Noticed Ereshkigal
115842 | Tar:7    | Killed Ereshkigal
116008 | Tar:7    | Got a bone rune of Zot
116468 | Tar:7    | Noticed an ancient lich
116477 | Tar:7    | Killed an ancient lich
116693 | Geh:1    | Entered Level 1 of Gehenna
117262 | Geh:5    | Found a huge runed gate.
117262 | Geh:5    | Found a huge runed gate.
117262 | Geh:5    | Found a huge runed gate.
117262 | Geh:5    | Found a huge runed gate.
117262 | Geh:5    | Found a huge runed gate.
117262 | Geh:5    | Found a huge runed gate.
117262 | Geh:5    | Found a huge runed gate.
117262 | Geh:5    | Found a huge runed gate.
117264 | Geh:5    | Found a huge runed gate.
117265 | Geh:5    | Found a huge runed gate.
117311 | Geh:5    | Found a huge runed gate.
117611 | Geh:7    | Entered Level 7 of Gehenna
118186 | Geh:7    | Gained mutation: You are clumsy. (Dex -2) [mutagenic glow]
118984 | Geh:7    | Noticed Asmodeus
119007 | Geh:7    | Killed Asmodeus
119081 | Geh:7    | Got an obsidian rune of Zot
119299 | Dis:1    | Entered Level 1 of the Iron City of Dis
119571 | Dis:4    | Paralysed by an eldritch tentacle for 2 turns
120283 | Dis:7    | Entered Level 7 of the Iron City of Dis
120333 | Dis:7    | Reached skill level 10 in Hexes
120507 | Dis:7    | HP: 1/159 [iron giant/iron shot[the effects of Hell] (46)]
121238 | Dis:7    | Noticed Dispater
121261 | Dis:7    | Killed Dispater
121303 | Dis:7    | Got an iron rune of Zot
121305 | Dis:7    | Got a warped rapier
122026 | Dis:7    | Found the +10 dark maul {crush}
122042 | Dis:7    | Got a faintly glowing great sword
122068 | Dis:7    | Identified the +9 great sword "Vevoy" {slice, +Fly rN+ MR++ MP-9} (You found it on level 7 of the Iron City of Dis)
122080 | Dis:7    | Identified the +6 rapier of Impeachment {flame, +Blink Int+2} (You found it on level 7 of the Iron City of Dis)
122666 | Tomb:1   | Entered Level 1 of the Tomb of the Ancients
123165 | Tomb:1   | Noticed a greater mummy
123188 | Tomb:1   | Killed a greater mummy
123829 | Tomb:1   | Noticed an ancient lich
123841 | Tomb:1   | Killed an ancient lich
123914 | Tomb:1   | Noticed a greater mummy
123921 | Tomb:1   | Killed a greater mummy
124111 | Tomb:2   | Noticed a greater mummy
124111 | Tomb:2   | Noticed a greater mummy
124112 | Tomb:2   | Noticed a greater mummy
124114 | Tomb:2   | Noticed a greater mummy
124124 | Tomb:2   | Killed a greater mummy
124126 | Tomb:2   | Killed a greater mummy
124128 | Tomb:2   | Killed a greater mummy
124132 | Tomb:2   | Killed a greater mummy
124255 | Tomb:2   | Lost mutation: You are sometimes teleported next to monsters. [potion of mutation]
124255 | Tomb:2   | Lost mutation: You are occasionally teleported next to monsters. [potion of mutation]
124255 | Tomb:2   | Lost mutation: Your spells are a little easier to cast, but a little less powerful. [potion of mutation]
124255 | Tomb:2   | Lost mutation: You have sharp toenails. [potion of mutation]
124255 | Tomb:2   | Lost mutation: You are very frail. (-20% HP) [potion of mutation]
124255 | Tomb:2   | Lost mutation: You are clumsy. (Dex -2) [potion of mutation]
124255 | Tomb:2   | Gained mutation: Your flesh is cold resistant. (rC+) [potion of mutation]
124530 | Tomb:1   | Noticed a greater mummy
124530 | Tomb:1   | Noticed a greater mummy
124531 | Tomb:1   | Noticed a greater mummy
124531 | Tomb:1   | Noticed a greater mummy
124531 | Tomb:1   | Noticed a greater mummy
124536 | Tomb:1   | Killed a greater mummy
124537 | Tomb:1   | Killed a greater mummy
124543 | Tomb:1   | Killed a greater mummy
124551 | Tomb:1   | Killed a greater mummy
124552 | Tomb:1   | Noticed a greater mummy
124557 | Tomb:1   | Killed a greater mummy
124563 | Tomb:1   | Killed a greater mummy
124574 | Tomb:1   | Noticed a greater mummy
124579 | Tomb:1   | Killed a greater mummy
124978 | Tomb:1   | Noticed a greater mummy
124980 | Tomb:1   | Noticed a greater mummy
124987 | Tomb:1   | Killed a greater mummy
124992 | Tomb:1   | Killed a greater mummy
125026 | Tomb:1   | Noticed a greater mummy
125026 | Tomb:1   | Noticed a greater mummy
125034 | Tomb:1   | Killed a greater mummy
125035 | Tomb:1   | Noticed a greater mummy
125043 | Tomb:1   | Killed a greater mummy
125047 | Tomb:1   | Killed a greater mummy
125049 | Tomb:1   | Noticed a greater mummy
125056 | Tomb:1   | Noticed a greater mummy
125061 | Tomb:1   | Killed a greater mummy
125064 | Tomb:1   | Killed a greater mummy
125084 | Tomb:1   | Noticed a greater mummy
125086 | Tomb:1   | Noticed a greater mummy
125088 | Tomb:1   | Noticed a greater mummy
125089 | Tomb:1   | Killed a greater mummy
125094 | Tomb:1   | Killed a greater mummy
125110 | Tomb:1   | Killed a greater mummy
125870 | Tomb:3   | Entered Level 3 of the Tomb of the Ancients
125893 | Tomb:3   | Found the shadowed robe
125897 | Tomb:3   | Noticed a greater mummy
125897 | Tomb:3   | Noticed a greater mummy
125900 | Tomb:3   | Noticed a greater mummy
125906 | Tomb:3   | Noticed a greater mummy
125908 | Tomb:3   | Noticed Boris
125918 | Tomb:3   | Killed a greater mummy
125920 | Tomb:3   | Killed a greater mummy
125921 | Tomb:3   | Killed Boris
125929 | Tomb:3   | Killed a greater mummy
125938 | Tomb:3   | Killed a greater mummy
125939 | Tomb:3   | Noticed a greater mummy
125949 | Tomb:3   | Noticed a greater mummy
125951 | Tomb:3   | Killed a greater mummy
125952 | Tomb:3   | Noticed a greater mummy
125955 | Tomb:3   | Noticed a greater mummy
125958 | Tomb:3   | Noticed a greater mummy
125963 | Tomb:3   | Killed a greater mummy
125968 | Tomb:3   | Killed a greater mummy
125979 | Tomb:3   | Killed a greater mummy
125983 | Tomb:3   | Killed a greater mummy
126438 | Tomb:3   | Identified Muorph's Handbook of Cloudy Moulding
126600 | Tomb:3   | Found the +9 staff of Wucad Mu {channel}
126618 | Tomb:3   | Identified Sif Muna's Guide on Floating Changing
126625 | Tomb:3   | Identified the Disquisition on Helpful Execration
126627 | Tomb:3   | Identified the Collected Works on Transmutation and Malediction
126656 | Tomb:3   | Identified the Disquisition on Attacks
126676 | Tomb:3   | Identified the +10 morningstar of Maid {drain, rC+ Int+3 Dex+3} (You found it on level 3 of the Tomb of the Ancients)
126727 | Tomb:3   | Lost mutation: You often lose your temper in combat. [potion of mutation]
126727 | Tomb:3   | Lost mutation: You are dopey. (Int -2) [potion of mutation]
126727 | Tomb:3   | Lost mutation: You are partially covered in yellow scales. (AC +2) [potion of mutation]
126727 | Tomb:3   | Lost mutation: Scrolls take you much longer to read. [potion of mutation]
126727 | Tomb:3   | Lost mutation: You are frail. (-10% HP) [potion of mutation]
126807 | Tomb:3   | Got a golden rune of Zot
127625 | Zot:4    | Killed Wehose's ghost
127944 | Pan      | Entered Pandemonium
128499 | Pan      | Noticed Futiac the pandemonium lord
128508 | Pan      | Killed Futiac the pandemonium lord
128910 | Pan      | Entered the realm of Cerebov.
128917 | Pan      | Got a translucent spear
128928 | Pan      | Identified the +3 spear "Bingo" {protect, Int+2} (You found it in Pandemonium)
129021 | Pan      | Noticed Cerebov
129054 | Pan      | Killed Cerebov
129447 | Pan      | Got a smoking lapis lazuli ring
129463 | Pan      | Identified the ring of Summertime {Int+2 Dex+2 Stlth+} (You found it in Pandemonium)
129973 | Pan      | Found an exit through the horrors of the Abyss.
130159 | Pan      | Got a bound lead ring
130161 | Pan      | Identified the ring of Wariness {Dex+4 Stlth-} (You found it in Pandemonium)
130187 | Pan      | Got a fiery rune of Zot
130316 | Pan      | Noticed Niruonic the pandemonium lord
130325 | Pan      | Killed Niruonic the pandemonium lord
130780 | Pan      | Learned a level 3 spell: Confuse
130785 | Pan      | Learned a level 4 spell: Cause Fear
130789 | Pan      | Learned a level 3 spell: Teleport Other
130794 | Pan      | Learned a level 4 spell: Leda's Liquefaction
130796 | Pan      | Learned a level 1 spell: Summon Butterflies
131218 | Pan      | Reached skill level 1 in Earth Magic
131240 | Pan      | Reached skill level 1 in Air Magic
131243 | Pan      | Reached skill level 1 in Summonings
131445 | Pan      | Found an exit through the horrors of the Abyss.
131674 | Pan      | Got a pair of ichor-stained gloves
131685 | Pan      | Identified the +0 pair of gloves of the Beginning {Int+4} (You acquired it in Pandemonium)
132000 | Pan      | Noticed Tocikk the pandemonium lord
132005 | Pan      | Killed Tocikk the pandemonium lord
132009 | Pan      | Got a demonic rune of Zot
132537 | Pan      | Found an exit through the horrors of the Abyss.
132753 | Pan      | Noticed Ujoud the pandemonium lord
132777 | Pan      | Killed Ujoud the pandemonium lord
133024 | Pan      | Cast into level 4 of the Abyss (lajatang of distortion)
133276 | Abyss:4  | Gained mutation: Armour fits poorly on your strangely shaped body. [a neqoxec]
133469 | Pan      | Escaped the Abyss
133888 | Pan      | Reached skill level 5 in Earth Magic
134216 | Pan      | Noticed Vedux the pandemonium lord
134225 | Pan      | Killed Vedux the pandemonium lord
134469 | Pan      | Reached skill level 27 in Maces & Flails
134585 | Pan      | Got a warped leather armour
134596 | Pan      | Identified the +1 leather armour of a bazaar {rPois} (You found it in Pandemonium)
134693 | Pan      | Found an exit through the horrors of the Abyss.
135125 | Pan      | Noticed Daudd the pandemonium lord
135134 | Pan      | Killed Daudd the pandemonium lord
135148 | Pan      | Lost mutation: Scrolls take you longer to read. [a neqoxec]
135203 | Pan      | Lost mutation: You are weak. (Str -2) [a neqoxec]
135643 | Pan      | Noticed Kestruoso the pandemonium lord
135653 | Pan      | Killed Kestruoso the pandemonium lord
136727 | Depths:3 | Escaped Pandemonium
136830 | Depths:3 | Found the +2 pair of boots of the Assassin {Detection Stab+ Stlth++}
136931 | Pan      | Entered Pandemonium
137030 | Pan      | Noticed Vorekeci the pandemonium lord
137049 | Pan      | Killed Vorekeci the pandemonium lord
137144 | Pan      | Noticed Xyvvug the pandemonium lord
137152 | Pan      | Killed Xyvvug the pandemonium lord
137152 | Pan      | Gained mutation: Scrolls take you longer to read. [a cacodemon]
137154 | Pan      | Gained mutation: You often lose your temper in combat. [a cacodemon]
137161 | Pan      | Gained mutation: Your magical capacity is very low. (-20% MP) [a cacodemon]
137676 | Pan      | Found an exit through the horrors of the Abyss.
137924 | Pan      | Learned a level 6 spell: Deflect Missiles
137925 | Pan      | Entered the realm of Mnoleg.
137928 | Pan      | Gained mutation: Your body sometimes deteriorates upon taking damage. [a cacodemon]
137941 | Pan      | Gained mutation: Your spells are a little easier to cast, but a little less powerful. [a cacodemon]
137965 | Pan      | Gained mutation: You are frail. (-10% HP) [a neqoxec]
137997 | Pan      | Reached skill level 1 in Crossbows
138034 | Pan      | Noticed Mnoleg
138037 | Pan      | Gained mutation: Your magical capacity is extremely low. (-30% MP) [a neqoxec]
138052 | Pan      | Gained mutation: You are weak. (Str -2) [a cacodemon]
138057 | Pan      | Killed Mnoleg
138099 | Pan      | Gained mutation: You are occasionally teleported next to monsters. [a cacodemon]
138105 | Pan      | Got a glowing rune of Zot
138284 | Pan      | Gained mutation: You frequently scream uncontrollably at your foes. [a cacodemon]
138313 | Pan      | Gained mutation: Your body often deteriorates upon taking damage. [a neqoxec]
138314 | Pan      | Gained mutation: You do not regenerate when monsters are visible. [a neqoxec]
138448 | Pan      | Gained mutation: You are sometimes teleported next to monsters. [a neqoxec]
138475 | Pan      | Gained mutation: You are very weak. (Str -4) [a cacodemon]
138478 | Pan      | Gained mutation: Your spells are easier to cast, but less powerful. [a cacodemon]
138782 | Pan      | Lost mutation: Scrolls take you longer to read. [potion of mutation]
138782 | Pan      | Lost mutation: You are frail. (-10% HP) [potion of mutation]
138782 | Pan      | Lost mutation: Potions are less effective at restoring your health. [potion of mutation]
138782 | Pan      | Lost mutation: Armour fits poorly on your strangely shaped body. [potion of mutation]
138782 | Pan      | Lost mutation: Scrolls take you a little longer to read. [potion of mutation]
138782 | Pan      | Lost mutation: Your magical capacity is extremely low. (-30% MP) [potion of mutation]
138783 | Pan      | Lost mutation: Your body often deteriorates upon taking damage. [potion of mutation]
138783 | Pan      | Lost mutation: You often lose your temper in combat. [potion of mutation]
138783 | Pan      | Gained mutation: You are somewhat resistant to further mutation. [potion of mutation]
138784 | Pan      | Lost mutation: Your flesh is cold resistant. (rC+) [potion of mutation]
138784 | Pan      | Lost mutation: Your magical capacity is very low. (-20% MP) [potion of mutation]
138784 | Pan      | Lost mutation: Your spells are easier to cast, but less powerful. [potion of mutation]
138784 | Pan      | Lost mutation: You are sometimes teleported next to monsters. [potion of mutation]
138898 | Pan      | Found a runed door.
138928 | Pan      | Noticed Afuim the pandemonium lord
138952 | Pan      | Killed Afuim the pandemonium lord
139678 | Pan      | Noticed Namaer the pandemonium lord
139702 | Pan      | Killed Namaer the pandemonium lord
139819 | Pan      | Got a twisted scale mail
139830 | Pan      | Identified the +11 scale mail of Disappointment {Regen+} (You found it in Pandemonium)
139969 | Pan      | Got a flickering glass ring
139971 | Pan      | Identified the ring "Efudec" {*Drain rPois EV+6 Str-5 Dex+5} (You found it in Pandemonium)
139983 | Pan      | Found an exit through the horrors of the Abyss.
140589 | Pan      | Reached skill level 5 in Crossbows
140672 | Pan      | Found an exit through the horrors of the Abyss.
140724 | Pan      | Noticed Miceuneg the pandemonium lord
140765 | Pan      | Killed Miceuneg the pandemonium lord
141573 | Pan      | Noticed Inyinuf the pandemonium lord
141591 | Pan      | Killed Inyinuf the pandemonium lord
142045 | Pan      | Entered the realm of Gloorx Vloq.
142045 | Pan      | Noticed Gloorx Vloq
142057 | Pan      | Killed Gloorx Vloq
142103 | Pan      | Got a dark rune of Zot
142387 | Pan      | Found an exit through the horrors of the Abyss.
142807 | Pan      | Entered the realm of Lom Lobon.
143049 | Pan      | Found an exit through the horrors of the Abyss.
143358 | Pan      | Noticed Lom Lobon
143869 | Pan      | Killed Lom Lobon
143917 | Pan      | Got a magical rune of Zot
144158 | Pan      | Took an exit into the Abyss.
144158 | Abyss:1  | Escaped into the Abyss
144159 | Abyss:1  | Found a corrupted altar of Lugonu.
144199 | Abyss:1  | Found a corrupted altar of Lugonu.
144258 | Depths:3 | Escaped the Abyss
144651 | Depths:3 | Lost mutation: Your body sometimes deteriorates upon taking damage. [potion of mutation]
144651 | Depths:3 | Lost mutation: Your spells are a little easier to cast, but a little less powerful. [potion of mutation]
144651 | Depths:3 | Lost mutation: Your magical capacity is low. (-10% MP) [potion of mutation]
144708 | Coc:1    | Entered Level 1 of Cocytus
146308 | Coc:7    | Entered Level 7 of Cocytus
146679 | Coc:7    | Reached skill level 10 in Crossbows
146767 | Coc:7    | Noticed Antaeus
146797 | Coc:7    | Killed Antaeus
146816 | Coc:7    | Got an icy rune of Zot
147399 | Coc:7    | Got a pitted plate armour
147400 | Coc:7    | Identified the cursed +1 plate armour of the Farrier {Str+4} (You took it off a skeletal warrior on level 7 of Cocytus)
147591 | Zig:1    | Entered Level 1 of a ziggurat
147626 | Zig:2    | Entered Level 2 of a ziggurat
147694 | Zig:3    | Entered Level 3 of a ziggurat
147752 | Zig:4    | Entered Level 4 of a ziggurat
147802 | Zig:4    | Lost mutation: You tend to lose your temper in combat. [potion of mutation]
147802 | Zig:4    | Lost mutation: You have a pair of antennae on your head. [potion of mutation]
147802 | Zig:4    | Lost mutation: You frequently scream uncontrollably at your foes. [potion of mutation]
147803 | Zig:4    | Lost mutation: You have a pair of small antennae on your head. [potion of mutation]
147803 | Zig:4    | Lost mutation: You are occasionally teleported next to monsters. [potion of mutation]
147803 | Zig:4    | Lost mutation: You are somewhat resistant to further mutation. [potion of mutation]
147803 | Zig:4    | Lost mutation: You do not regenerate when monsters are visible. [potion of mutation]
147803 | Zig:4    | Gained mutation: Your spells are a little easier to cast, but a little less powerful. [potion of mutation]
147803 | Zig:4    | Gained mutation: Potions are less effective at restoring your health. [potion of mutation]
147803 | Zig:4    | Lost mutation: You can translocate small distances at will. [potion of mutation]
147803 | Zig:4    | Gained mutation: You are agile. (Dex +2) [potion of mutation]
147804 | Zig:4    | Lost mutation: Your spells are a little easier to cast, but a little less powerful. [potion of mutation]
147804 | Zig:4    | Lost mutation: You are agile. (Dex +2) [potion of mutation]
147804 | Zig:4    | Lost mutation: You are very weak. (Str -4) [potion of mutation]
147804 | Zig:4    | Gained mutation: Your flesh is cold resistant. (rC+) [potion of mutation]
147804 | Zig:4    | Gained mutation: You possess an exceptional clarity of mind. [potion of mutation]
147811 | Zig:5    | Entered Level 5 of a ziggurat
147848 | Zig:5    | Got a clouded lead ring
147856 | Zig:5    | Identified the ring "Qiupsise" {+Blink rF+ MR- Stlth+} (You found it on level 5 of a ziggurat)
147916 | Zig:6    | Entered Level 6 of a ziggurat
148038 | Zig:7    | Entered Level 7 of a ziggurat
148078 | Zig:7    | Reached skill level 27 in Invocations
148106 | Zig:7    | Got an ancient granite ring
148116 | Zig:7    | Got a flickering silver ring
148120 | Zig:7    | Identified the ring "Ixauj" {EV+2 Str+7} (You found it on level 7 of a ziggurat)
148122 | Zig:7    | Identified the ring "Lejenu" {Ice rPois Str+4 Dex-5} (You found it on level 7 of a ziggurat)
148159 | Zig:8    | Entered Level 8 of a ziggurat
148501 | Zig:8    | Got a warped golden ring
148504 | Zig:8    | Identified the ring of Ilidadd {rPois Int+4 Slay+2 Stlth+} (You found it on level 8 of a ziggurat)
148533 | Zig:9    | Entered Level 9 of a ziggurat
148543 | Zig:9    | Noticed Pisiat the pandemonium lord
148553 | Zig:9    | Killed Pisiat the pandemonium lord
148586 | Zig:10   | Entered Level 10 of a ziggurat
148658 | Zig:10   | Identified the Almanac of Fiery Translocation
148962 | Zig:11   | Entered Level 11 of a ziggurat
148973 | Zig:11   | Noticed Pecoistri the pandemonium lord
148981 | Zig:11   | Killed Pecoistri the pandemonium lord
149025 | Zig:11   | Identified the Volume of Noxious Changing
149032 | Zig:11   | Got a coiled platinum ring
149033 | Zig:11   | Identified the Volume of the Blaze
149062 | Zig:11   | Identified the ring of the Gastropod {rPois Str+4 Dex+3} (You found it on level 11 of a ziggurat)
149110 | Zig:12   | Entered Level 12 of a ziggurat
149208 | Zig:13   | Entered Level 13 of a ziggurat
149217 | Zig:13   | Noticed Ydoawy the pandemonium lord
149242 | Zig:13   | Killed Ydoawy the pandemonium lord
149367 | Zig:13   | Got a pair of polished gloves
149380 | Zig:13   | Identified the +2 pair of gloves of the Vacuum {rF+++ Int-2 Dex+5} (You found it on level 13 of a ziggurat)
149420 | Zig:14   | Entered Level 14 of a ziggurat
149478 | Zig:14   | Found the ring of the Octopus King
149501 | Zig:14   | Found the +3 giant club "Skullcrusher" {speed, Str+7}
149529 | Zig:14   | Got a ring of the Octopus King
149531 | Zig:14   | Identified a ring of the Octopus King {rF+ AC+1 EV+1 Str+1 Int+1 Dex+1} (You found it on level 14 of a ziggurat)
149542 | Zig:14   | Identified the +2 plate armour of Devotion {*Corrode MR++} (You found it on level 14 of a ziggurat)
149845 | Zig:15   | Entered Level 15 of a ziggurat
149859 | Zig:15   | Noticed an orb of fire
149861 | Zig:15   | Noticed an orb of fire
149863 | Zig:15   | Noticed an orb of fire
149863 | Zig:15   | Gained mutation: Your magical capacity is low. (-10% MP) [an orb of fire]
149866 | Zig:15   | Gained mutation: You frequently scream uncontrollably at your foes. [an orb of fire]
149866 | Zig:15   | Gained mutation: You are clumsy. (Dex -2) [an orb of fire]
149872 | Zig:15   | Lost mutation: You possess an exceptional clarity of mind. [an orb of fire]
149874 | Zig:15   | Killed an orb of fire
149874 | Zig:15   | Killed an orb of fire
149878 | Zig:15   | Killed an orb of fire
150020 | Zig:15   | Found the +2 hat of the Bear Spirit {Spirit, +Rage rN+ MR++}
150057 | Zig:15   | Identified the +5 mace "Wodepa" {protect, Str+3} (You found it on level 15 of a ziggurat)
150059 | Zig:15   | Identified the cursed +1 plate armour of Zin's Favour {rCorr} (You found it on level 15 of a ziggurat)
150216 | Zig:16   | Entered Level 16 of a ziggurat
150406 | Zig:16   | Found the +10 Black Knight's horse barding {ponderous, rPois rN+}
150436 | Zig:16   | Lost mutation: Potions are less effective at restoring your health. [potion of mutation]
150436 | Zig:16   | Lost mutation: You are clumsy. (Dex -2) [potion of mutation]
150436 | Zig:16   | Gained mutation: You are somewhat resistant to further mutation. [potion of mutation]
150436 | Zig:16   | Gained mutation: You expend magic power (3 MP) to strengthen your wands. [potion of mutation]
150440 | Zig:16   | Got a translucent plate armour
150452 | Zig:16   | Identified the +10 plate armour of the Ecumenical Temple {rC+ Str+3} (You found it on level 16 of a ziggurat)
150489 | Zig:16   | Got a fine war axe
150495 | Zig:16   | Identified the +6 war axe of Blood {holy, Dex+3} (You found it on level 16 of a ziggurat)
150740 | Zig:17   | Entered Level 17 of a ziggurat
150791 | Zig:17   | HP: 5/199 [large slime creature/exploding inner flame[the player character] (8)]
151284 | Zig:17   | Identified the Grimoire of the Mutagenic Mountains
151293 | Zig:17   | Identified the Incunabulum of Weightlessness
151373 | Zig:18   | Entered Level 18 of a ziggurat
151924 | Zig:18   | Identified Tahil's Reference Book on Bewitching Calling
151930 | Zig:18   | Got a fine brass ring
151934 | Zig:18   | Identified the ring "Koheicw" {rF+ Str+6} (You found it on level 18 of a ziggurat)
151952 | Zig:18   | Identified Sif Muna's Reference Book on Supportive Snow
151955 | Zig:18   | Identified the +10 flail of Amanav {venom, rC+ Int+5 Dex+4} (You found it on level 18 of a ziggurat)
151964 | Zig:18   | Got a bloodstained war axe
151966 | Zig:18   | Identified the +10 war axe "Luizerig" {chop, Int+3} (You found it on level 18 of a ziggurat)
152037 | Zig:18   | Lost mutation: Your magical capacity is low. (-10% MP) [potion of mutation]
152037 | Zig:18   | Lost mutation: Your flesh is cold resistant. (rC+) [potion of mutation]
152037 | Zig:18   | Lost mutation: You frequently scream uncontrollably at your foes. [potion of mutation]
152037 | Zig:18   | Lost mutation: You sometimes yell uncontrollably at your foes. [potion of mutation]
152037 | Zig:18   | Gained mutation: You are mostly covered in icy blue scales. (AC +3) [potion of mutation]
152038 | Zig:18   | Lost mutation: You expend magic power (3 MP) to strengthen your wands. [potion of mutation]
152038 | Zig:18   | Gained mutation: You are clumsy. (Dex -2) [potion of mutation]
152038 | Zig:18   | Gained mutation: You are partially covered in molten scales. (AC +2) [potion of mutation]
152039 | Zig:18   | Lost mutation: You are weak. (Str -2) [potion of mutation]
152039 | Zig:18   | Lost mutation: You are somewhat resistant to further mutation. [potion of mutation]
152039 | Zig:18   | Lost mutation: You are partially covered in molten scales. (AC +2) [potion of mutation]
152039 | Zig:18   | Gained mutation: You do not regenerate when monsters are visible. [potion of mutation]
152039 | Zig:18   | Gained mutation: You are resistant to hostile enchantments. (MR+) [potion of mutation]
152040 | Zig:18   | Lost mutation: You are resistant to hostile enchantments. (MR+) [potion of mutation]
152040 | Zig:18   | Lost mutation: You are mostly covered in icy blue scales. (AC +3) [potion of mutation]
152040 | Zig:18   | Lost mutation: You are clumsy. (Dex -2) [potion of mutation]
152040 | Zig:18   | Gained mutation: You have very sharp teeth. [potion of mutation]
152040 | Zig:18   | Gained mutation: You have a pair of small horns on your head. [potion of mutation]
152044 | Zig:18   | Got a pair of transparent gloves
152055 | Zig:18   | Identified the cursed +0 pair of gloves of Lotraclu {rElec rC++ Stlth-} (You found it on level 18 of a ziggurat)
152082 | Zig:19   | Entered Level 19 of a ziggurat
152106 | Zig:19   | Reached skill level 1 in Axes
152113 | Zig:19   | Reached skill level 27 in Dodging
152136 | Zig:19   | Reached skill level 5 in Axes
152345 | Zig:19   | Identified the Papyrus of Excruciating Transformation
152354 | Zig:19   | Identified the +5 long sword of Internal Strife {slice, Dex+3} (You found it on level 19 of a ziggurat)
152572 | Zig:19   | Identified the +0 pair of boots of Baldness {rCorr Int+4} (You acquired it on level 19 of a ziggurat)
152594 | Zig:20   | Entered Level 20 of a ziggurat
152669 | Zig:20   | Reached skill level 10 in Axes
152757 | Zig:20   | Found the +3 robe of Clouds {+Fly rElec}
152821 | Zig:20   | Lost mutation: You occasionally shout uncontrollably at your foes. [potion of mutation]
152821 | Zig:20   | Lost mutation: You do not regenerate when monsters are visible. [potion of mutation]
152821 | Zig:20   | Gained mutation: You are frail. (-10% HP) [potion of mutation]
152821 | Zig:20   | Gained mutation: You have sharp toenails. [potion of mutation]
152821 | Zig:20   | Gained mutation: You are mostly covered in icy blue scales. (AC +3) [potion of mutation]
152824 | Zig:20   | Got a jewelled war axe
152825 | Zig:20   | Identified the +6 war axe "Muefitat" {chop, rElec Str+2 Int+2} (You found it on level 20 of a ziggurat)
152841 | Zig:20   | Identified the Handbook of Freezing Orientation
152870 | Zig:21   | Entered Level 21 of a ziggurat
153072 | Zig:21   | Found the cursed +14 obsidian axe {chop, +Fly SInv *Curse}
153131 | Zig:22   | Entered Level 22 of a ziggurat
153172 | Zig:22   | Paralysed by a floating eye for 3 turns
153178 | Zig:22   | Paralysed by a floating eye for 3 turns
153180 | Zig:22   | HP: 5/179 [acid blob (10)]
153180 | Zig:22   | HP: 1/179 [acid (4)]
153180 | Zig:22   | Splashed by an acid blob's acid

Vault maps used:
D:1:      saegor_arrival_simple_a
D:2:      marbit_many_paths, nicolae_overflow_hidden_temple, uniq_terence,
          uniq_crazy_yiuf_cottage
D:3:      first_ration
D:4:      grunt_temple_overflow_lords_of_destruction,
          minmay_temple_entry_nine_rooms, st_stairs_11
D:5:      slow_altar_2, kennysheep_mini
D:6:      minitemple, uniq_menkaure
D:7:      nicolae_whirlpool, fedhas_altar_fruit_tree, lemuel_round_altar,
          uniq_duvessa, uniq_joseph
D:8:      serial_shops, shop, uniq_grum
D:9:      gammafunk_temple_overflow_wave, nicolae_ru_awakened_eye,
          hangedman_fish_farm, lightli_fourway_metalbox
D:10:     lair_entry_dummy, orc_0_dummy, serial_shops, shop,
          hangedman_abyss_or_decor_passed
D:11:     special_room, enter_trove_2, hangedman_decor_lopped
D:14:     lightli_vaults_fourway_checkpoint
D:15:     gammafunk_enter_depths_forms, gammafunk_ghost_necromancy,
          serial_shops, nicolae_shop_window_shopping,
          hangedman_decor_diamond_cutter
Temple:   corrupted_temple
Lair:1:   uniq_gastronok
Lair:2:   minivault_23, grunt_megastairs_1, serial_bayou_shore_b,
          minmay_lair_oklob_chamber
Lair:3:   minmay_snake_entry_guardpost_small, grunt_megastairs_4
Lair:4:   minmay_swamp_entry_reptiles, portal_ice_cave_entry_imps,
          serial_bayou_shore_b, grunt_megastairs_3, uniq_urug, uniq_sonja
Lair:5:   kennysheep_abandoned_house, lemuel_fruit_tree, serial_bayou_shore_b
Lair:6:   cheibrodos_lair_end_hotspot, slime_dummy, serial_bayou_shore_a
Swamp:1:  evilmike_swamp_ruin_house_5
Swamp:2:  evilmike_swamp_ruin_house_2, swamp_pool2, uniq_donald
Swamp:3:  cheibrodos_swamp_monstrosity, serial_swamp_ruin,
          evilmike_swamp_ruin_house_1, evilmike_swamp_ruin_rubble_2, swamp_pool5
Swamp:4:  swamp_basic_johnstein
Snake:1:  cheibrodos_snake_lava_hold, serial_shops,
          nicolae_shop_window_shopping, uniq_asterion, uniq_kirke
Snake:2:  nicolae_snake_double_loop, hangedman_snake_corridor_split
Snake:3:  special_room
Snake:4:  grunt_snake_rune_pools, ebering_ghost_inner_flame, st_stairs_9,
          grunt_megastairs_2
Orc:1:    enter_bailey_4, serial_shops,
          nicolae_shop_temple_entry_statues_fountains, shop, shop, uniq_snorg,
          uniq_harold, uniq_erica
Orc:2:    grunt_orc_cross
Elf:1:    serial_shops, nicolae_shop_crystal, nicolae_shop_statue_plus,
          nicolae_shop_waterfront, hangedman_elf_represent
Elf:2:    mu_enter_wizlab_6
Elf:3:    minmay_elf_hall_furrowed, special_room, grunt_ministairs_3,
          st_stairs_10
Vaults:1: ontoclasm_vaults_ligature, v_misc_32, vaults_room_stairs_pillars,
          vaults_room_door_ring, v_misc_8, vaults_dpeg_diagonal, v_misc_1,
          ontoclasm_vaults_tryst, nicolae_vaults_an_arrangement, uniq_jorgrun
Vaults:2: nicolae_vaults_specimen_jars, minmay_crypt_entry_simple_corners,
          v_misc_25, vaults_mumra_chevron, vaults_room_grid,
          ontoclasm_vaults_decontamination, nicolae_vaults_ring_of_whatevers,
          ontoclasm_vaults_chip, serial_shops, nicolae_shop_crystal
Vaults:3: nicolae_vaults_back_hallway, nicolae_vaults_triangles,
          nicolae_vaults_what_the_h, v_rooms_2, v_alt_pattern_4, st_more_cells,
          ontoclasm_vaults_hangar, vaults_room_pool, basic_altar, uniq_aizul
Vaults:4: ontoclasm_vaults_idyll, vaults_room_corners, hangedman_vaults_locks,
          nicolae_vaults_circle_grid_a, ontoclasm_vaults_eye, v_rooms_4,
          nicolae_vaults_statue_guard, v_misc_22,
          hangedman_vaults_corner_blocks, vaults_dpeg_spiral, v_misc_24,
          hangedman_vaults_maws, vaults_room_door_hall, stair_cage_open,
          serial_hangedman_research, hangedman_research_geology, serial_shops,
          freezing_bzr
Vaults:5: serial_shops, uniq_jory, uniq_frederick
Crypt:1:  st_stairs_2, minmay_misc_feat_hallway, uniq_margery
Crypt:2:  grunt_ministairs_4, minivault_26, uniq_mara
Crypt:3:  david_glass_crypt, nicolae_tomb_entry_rubble_hallway
Tomb:3:   uniq_boris
Depths:1: enter_ziggurat_e, lightli_too_deep, nicolae_blasting_shop,
          roderic_lattice_octagonal_star, uniq_saint_roka
Depths:2: hangedman_pleasuredromes, hell_entry, serial_shops, pan_entry,
          uniq_nikola, uniq_enchantress
Depths:3: gammafunk_dig_for_victory, minmay_room_of_horrors,
          hangedman_abyss_or_decor_lesser_grid, pan_entry,
          pf_hell_entry_tar_spiral, minmay_staircase_bubble,
          serial_bayou_shore_b, basic_stair_grate_trap
Depths:4: lemuel_flame_loot_2, hangedman_abyss_entry_splay,
          hangedman_geh_valley, minmay_shop_grove, infiniplex_staircase_pool_1,
          serial_bayou_shore_b
Depths:5: evilmike_zot_entry_basic, hell_entry, nicolae_lava_and_water
Dis:3:    lemuel_elevator
Dis:6:    evilmike_ambush
Dis:7:    dis_st
Geh:3:    lemuel_elevator
Geh:5:    door_vault
Geh:6:    grunt_megastairs_5
Geh:7:    geh_hangedman
Coc:5:    grunt_deathspiral_small
Coc:6:    serial_ice, serial_ice_m, serial_ice_a, serial_ice_e, serial_ice_f
Coc:7:    coc_dpeg
Tar:1:    nicolae_tar_cuneiform_city
Tar:7:    tar_grunt_cathedral
Zot:2:    gammafunk_sealed_library, st_stairs_11
Zot:3:    lemuel_draconian_sentries_small, amethyst_zot_foddershock
Zot:4:    gammafunk_ghost_necromancy, hangedman_zot_diagonal_lockstep
Zot:5:    st_stairs_7
Abyss:2:  evilmike_abyss_exit_16
Abyss:3:  hangedman_stitches_earthworm
Abyss:4:  evilmike_abyss_rune_ettins, minivault_1, hangedman_cross_veins
Abyss:5:  evilmike_abyss_exit_glass, doesnt_abyss_rune_brain_food,
          patterned_corridor
Pan:      rand_demon_8, pan_blood_fountain_small, nicolae_pan_lom_lobonic_3,
          rand_demon_4, reaverb_pan_figure_eight, evilmike_cerebov_lava,
          nicolae_pan_lom_lobonic_2, grunt_pan_spiral, pan_blood_fountain,
          evilmike_mini_pan_V, pan_disco_hall, pan_blood_fountain_small,
          grunt_pan_pentagram, rand_demon_3, rand_demon_6,
          nicolae_pan_strange_glyphs, rand_demon_3, pan_blood_fountain,
          pan_blood_fountain_small, evilmike_mini_pan_layers,
          pan_blood_fountain_2, mnoleg, reaverb_pan_squares,
          nicolae_pan_cerebovesque_1, rand_demon_9, rand_demon_5,
          evilmike_mini_pan_doors, grunt_pan_frozen_over,
          nicolae_pan_lom_lobonic_2, gloorx_vloq_st, lom_lobon_spiral_st
Zig:8:    ziggurat_pillar_centre_oklobs
Zig:10:   ziggurat_pillar_centre_c
Zig:12:   ziggurat_pillar_centre_smoke
Zig:22:   ziggurat_pillar_centre_dead_trees
Bazaar:   bazaar_jpeg_honeycomb
Trove:    trove_armour_1
Bailey:   bailey_polearm_flooded_kennysheep, bailey
IceCv:    ice_cave_small_giant
WizLab:   wizlab_doroklohe

Skill      XL: |  1  2  3  4  5  6  7  8  9 10 11 12 13 14 15 16 17 18 19 20 21 22 23 24 25 26 27 |
---------------+----------------------------------------------------------------------------------+-----
Maces & Flails | 3 4 5 7 9 10 11 13 14 15 16 17 18 27 | 27.0
Fighting       | 4 5 6 7 8 9 10 11 13 14 15 16 17 18 19 20 21 23 27 | 27.0
Armour         | 4 5 6 7 8 9 10 11 13 14 15 16 17 18 19 20 21 23 27 | 27.0
Shields        | 4 5 6 7 8 9 10 11 13 14 15 25 | 25.0
Invocations    | 1 4 6 8 9 10 27 | 27.0
Evocations     | 3 5 6 8 9 10 13 | 13.1
Dodging        | 1 3 5 6 7 8 9 10 27 | 27.0
Spellcasting   | 1 4 5 6 7 8 9 10 17 | 17.1
Charms         | 1 4 5 6 7 8 9 10 23 | 23.2
Throwing       | 1 3 5 |  5.0
Translocations | 2 4 5 |  5.0
Hexes          | 2 4 5 14 | 14.2
Earth Magic    | 5 |  5.0
Air Magic      | 3 |  3.5
Summonings     | 3 |  3.5
Crossbows      | 11 | 11.2
Axes           | 13 | 13.1

Action                   |  1- 3 |  4- 6 |  7- 9 | 10-12 | 13-15 | 16-18 | 19-21 | 22-24 | 25-27 || total
-------------------------+-------+-------+-------+-------+-------+-------+-------+-------+-------++-------
Melee: Flail             |   121 |   326 |   430 |       |       |       |       |       |       ||   877
       Unarmed           |       |       |     4 |       |       |    13 |       |       |       ||    17
       Morningstar       |       |       |     3 |  1022 |  1574 |   368 |       |       |   296 ||  3263
       Demon whip        |       |       |       |       |       |  1381 |  1964 |  1375 |  5293 || 10013
       Headbutt          |       |       |       |       |       |       |       |    89 |   166 ||   255
       Eveningstar       |       |       |       |       |       |       |       |       |  8363 ||  8363
       War axe           |       |       |       |       |       |       |       |       |   114 ||   114
       Bite              |       |       |       |       |       |       |       |       |    22 ||    22
       Maul              |       |       |       |       |       |       |       |       |    10 ||    10
 Fire: Arbalest          |       |       |       |       |       |     3 |       |       |       ||     3
       Hand crossbow     |       |       |       |       |       |       |       |       |   121 ||   121
Throw: Javelin           |     2 |       |     4 |    19 |    35 |    44 |    39 |    24 |    82 ||   249
       Throwing net      |       |       |       |       |     1 |       |       |       |     3 ||     4
       Tomahawk          |       |       |       |       |       |       |       |       |     8 ||     8
 Cast: Song of Slaying   |       |       |       |       |       |    15 |    57 |    40 |   299 ||   411
       Infusion          |       |       |       |       |       |    14 |    59 |    40 |   286 ||   399
       Shroud of Golubri |       |       |       |       |       |       |    58 |    37 |   303 ||   398
       Apportation       |       |       |       |       |       |       |     2 |       |       ||     2
       Spectral Weapon   |       |       |       |       |       |       |    11 |    13 |    13 ||    37
       Regeneration      |       |       |       |       |       |       |       |     2 |     1 ||     3
       Swiftness         |       |       |       |       |       |       |       |       |    70 ||    70
       Summon Butterflie |       |       |       |       |       |       |       |       |    10 ||    10
       Blink             |       |       |       |       |       |       |       |       |     6 ||     6
       Portal Projectile |       |       |       |       |       |       |       |       |     6 ||     6
       Cause Fear        |       |       |       |       |       |       |       |       |     4 ||     4
       Confuse           |       |       |       |       |       |       |       |       |     2 ||     2
       Silence           |       |       |       |       |       |       |       |       |     1 ||     1
       Leda's Liquefacti |       |       |       |       |       |       |       |       |     1 ||     1
Invok: Heroism           |       |       |       |     8 |    23 |    64 |    27 |    15 |    33 ||   170
       Finesse           |       |       |       |       |    18 |    21 |    17 |    13 |    30 ||    99
       Cleansing Flame   |       |       |       |       |       |       |       |       |   195 ||   195
       Summon Divine War |       |       |       |       |       |       |       |       |    91 ||    91
       Divine Shield     |       |       |       |       |       |       |       |       |    25 ||    25
       Brand Weapon With |       |       |       |       |       |       |       |       |     1 ||     1
 Abil: Fly               |       |       |       |       |     1 |       |       |       |     4 ||     5
       Stop Flying       |       |       |       |       |       |       |       |       |     5 ||     5
       Blink             |       |       |       |       |       |       |       |       |     1 ||     1
       Evoke Blink       |       |       |       |       |       |       |       |       |     1 ||     1
Evoke: Lightning rod     |       |       |       |       |     3 |       |       |       |       ||     3
       Wand              |       |       |       |       |     4 |     6 |       |     2 |    92 ||   104
       Sack of spiders   |       |       |       |       |       |       |       |     1 |    13 ||    14
       Box of beasts     |       |       |       |       |       |       |       |       |     6 ||     6
       Lamp of fire      |       |       |       |       |       |       |       |       |     4 ||     4
       Phial of floods   |       |       |       |       |       |       |       |       |     2 ||     2
       Crystal ball of e |       |       |       |       |       |       |       |       |     1 ||     1
  Use: Scroll            |       |     1 |     7 |    11 |    11 |     9 |     7 |    12 |    99 ||   157
       Potion            |       |       |     1 |     1 |       |     1 |       |     6 |    67 ||    76
 Stab: Held in net/web   |       |       |       |       |     1 |       |       |       |     3 ||     4
       Confused          |       |       |       |       |       |       |     2 |       |       ||     2
       Distracted        |       |       |       |       |       |       |       |     4 |     7 ||    11
  Eat: Chunk             |     1 |     6 |    11 |    27 |    38 |    22 |    22 |    15 |   238 ||   380
       Ration            |       |     1 |     1 |     1 |       |     6 |     8 |     6 |    36 ||    59
Armor: Scale mail        |    60 |       |       |       |       |       |       |       |       ||    60
       Chain mail        |    14 |   258 |   242 |   300 |       |       |       |       |       ||   814
       Acid dragon scale |       |       |       |    26 |       |       |       |       |       ||    26
       Plate armour      |       |       |       |   310 |   798 |   480 |   701 |   459 |  2280 ||  5028
       Gold dragon scale |       |       |       |       |       |       |       |       |  4803 ||  4803
Dodge: Dodged            |    36 |    98 |   112 |   323 |   497 |   537 |   457 |   344 |  5816 ||  8220
Block: Shield            |    61 |   181 |   212 |   672 |   964 |  1012 |   874 |   862 | 12413 || 17251
       Reflection        |       |       |       |       |    18 |   117 |    60 |    40 |   350 ||   585
       Buckler           |       |       |       |       |       |       |     9 |       |       ||     9
       Rpst.: Demon whip |       |       |       |       |       |       |       |       |   208 ||   208

Table legend:
 A = Spawn XP
 B = Non-spawn XP
 C = Spawn XP percentage of total XP
 D = Spawn monster count
 E = Non-spawn monster count
 F = Spawn count percentage of total count
 G = Total turns spent on level
                    A         B        C        D         E        F      G
               +---------+---------+-------+---------+---------+-------+---------
         Total |  338139 | 4725642 |   6.7 |     533 |    5937 |   8.2 | 153180
               +---------+---------+-------+---------+---------+-------+---------
           D:1 |       0 |      18 |   0.0 |       0 |      11 |   0.0 |   562
           D:2 |       0 |     118 |   0.0 |       0 |      17 |   0.0 |  1388
           D:3 |       0 |     330 |   0.0 |       0 |      48 |   0.0 |  1431
           D:4 |       0 |     505 |   0.0 |       0 |      18 |   0.0 |  1226
           D:5 |       0 |     679 |   0.0 |       0 |      33 |   0.0 |  1023
           D:6 |       0 |     691 |   0.0 |       0 |      12 |   0.0 |  1558
           D:7 |       0 |    1897 |   0.0 |       0 |      18 |   0.0 |  1563
           D:8 |       0 |    4462 |   0.0 |       0 |      35 |   0.0 |  1912
           D:9 |       0 |    3120 |   0.0 |       0 |      29 |   0.0 |  1227
          D:10 |       0 |    2863 |   0.0 |       0 |      23 |   0.0 |  2474
          D:11 |       0 |    7528 |   0.0 |       0 |      73 |   0.0 |  2487
          D:12 |       0 |    7330 |   0.0 |       0 |      34 |   0.0 |  1833
          D:13 |       0 |    7867 |   0.0 |       0 |      31 |   0.0 |  1833
          D:14 |       0 |    8415 |   0.0 |       0 |      32 |   0.0 |  2823
          D:15 |       0 |   30173 |   0.0 |       0 |      71 |   0.0 |  2853
        Lair:1 |       0 |    5805 |   0.0 |       0 |      18 |   0.0 |  1086
        Lair:2 |       0 |    5005 |   0.0 |       0 |      21 |   0.0 |  1591
        Lair:3 |       0 |   10562 |   0.0 |       0 |      35 |   0.0 |  1758
        Lair:4 |       0 |   10031 |   0.0 |       0 |      55 |   0.0 |  1611
        Lair:5 |       0 |    5427 |   0.0 |       0 |      26 |   0.0 |  1056
        Lair:6 |       0 |   21396 |   0.0 |       0 |      53 |   0.0 |  1878
       Swamp:1 |       0 |   15377 |   0.0 |       0 |      39 |   0.0 |   767
       Swamp:2 |       0 |   13590 |   0.0 |       0 |      21 |   0.0 |   983
       Swamp:3 |       0 |   11374 |   0.0 |       0 |      31 |   0.0 |   797
       Swamp:4 |       0 |   43281 |   0.0 |       0 |      73 |   0.0 |  1049
       Snake:1 |       0 |   29922 |   0.0 |       0 |      57 |   0.0 |  1797
       Snake:2 |       0 |   12060 |   0.0 |       0 |      27 |   0.0 |   807
       Snake:3 |       0 |   23488 |   0.0 |       0 |      39 |   0.0 |  1788
       Snake:4 |       0 |   74394 |   0.0 |       0 |     123 |   0.0 |  3403
       Slime:1 |       0 |   16973 |   0.0 |       0 |      40 |   0.0 |  1563
       Slime:2 |       0 |   23524 |   0.0 |       0 |      43 |   0.0 |   962
       Slime:3 |       0 |   19187 |   0.0 |       0 |      39 |   0.0 |   956
       Slime:4 |       0 |    7310 |   0.0 |       0 |      20 |   0.0 |  1259
       Slime:5 |       0 |   53074 |   0.0 |       0 |      39 |   0.0 |  1599
         Orc:1 |       0 |    6844 |   0.0 |       0 |      41 |   0.0 |  1386
         Orc:2 |       0 |   14892 |   0.0 |       0 |      73 |   0.0 |  2296
         Elf:1 |       0 |   23545 |   0.0 |       0 |      39 |   0.0 |  1457
         Elf:2 |       0 |   35804 |   0.0 |       0 |      47 |   0.0 |  1671
         Elf:3 |       0 |   96263 |   0.0 |       0 |      82 |   0.0 |  1910
      Vaults:1 |       0 |   29224 |   0.0 |       0 |      40 |   0.0 |  2459
      Vaults:2 |       0 |   49061 |   0.0 |       0 |      65 |   0.0 |  4088
      Vaults:3 |       0 |   69110 |   0.0 |       0 |      96 |   0.0 |  3169
      Vaults:4 |       0 |   52384 |   0.0 |       0 |      80 |   0.0 |  2972
      Vaults:5 |       0 |  159402 |   0.0 |       0 |     121 |   0.0 |  4081
       Crypt:1 |       0 |   28385 |   0.0 |       0 |      33 |   0.0 |  1955
       Crypt:2 |       0 |   48256 |   0.0 |       0 |      55 |   0.0 |  1947
       Crypt:3 |       0 |   63452 |   0.0 |       0 |      45 |   0.0 |  1360
        Tomb:1 |       0 |  155767 |   0.0 |       0 |      71 |   0.0 |  2460
        Tomb:2 |       0 |   43580 |   0.0 |       0 |      66 |   0.0 |   875
        Tomb:3 |       0 |  101791 |   0.0 |       0 |      82 |   0.0 |   958
      Depths:1 |       0 |   45803 |   0.0 |       0 |      57 |   0.0 |  2123
      Depths:2 |       0 |  119452 |   0.0 |       0 |     111 |   0.0 |  2514
      Depths:3 |       0 |   42624 |   0.0 |       0 |      53 |   0.0 |  4214
      Depths:4 |       0 |   30966 |   0.0 |       0 |      31 |   0.0 |  1358
      Depths:5 |       0 |   65695 |   0.0 |       0 |      63 |   0.0 |  1591
          Hell |       0 |   53400 |   0.0 |       0 |      63 |   0.0 |  1067
         Dis:1 |       0 |   25947 |   0.0 |       0 |      37 |   0.0 |   202
         Dis:2 |       0 |    1862 |   0.0 |       0 |       2 |   0.0 |    21
         Dis:3 |       0 |    3155 |   0.0 |       0 |       1 |   0.0 |    10
         Dis:4 |       0 |    7715 |   0.0 |       0 |      18 |   0.0 |   110
         Dis:5 |       0 |   37525 |   0.0 |       0 |      61 |   0.0 |   637
         Dis:7 |       0 |  151882 |   0.0 |       0 |     174 |   0.0 |  1974
         Geh:1 |       0 |   12672 |   0.0 |       0 |      41 |   0.0 |   186
         Geh:2 |       0 |   14520 |   0.0 |       0 |      40 |   0.0 |   175
         Geh:3 |       0 |     316 |   0.0 |       0 |       1 |   0.0 |     4
         Geh:4 |       0 |   22877 |   0.0 |       0 |      57 |   0.0 |   141
         Geh:5 |       0 |   39964 |   0.0 |       0 |      68 |   0.0 |   348
         Geh:6 |       0 |    3794 |   0.0 |       0 |      12 |   0.0 |    64
         Geh:7 |       0 |  154485 |   0.0 |       0 |     189 |   0.0 |  1545
         Coc:1 |       0 |   13467 |   0.0 |       0 |      19 |   0.0 |   155
         Coc:2 |       0 |   15606 |   0.0 |       0 |      35 |   0.0 |    85
         Coc:3 |       0 |   11843 |   0.0 |       0 |      25 |   0.0 |   166
         Coc:4 |       0 |   41001 |   0.0 |       0 |      94 |   0.0 |   454
         Coc:5 |       0 |   52422 |   0.0 |       0 |      80 |   0.0 |   522
         Coc:6 |       0 |   28055 |   0.0 |       0 |      38 |   0.0 |   222
         Coc:7 |       0 |  152771 |   0.0 |       0 |     134 |   0.0 |  1117
         Tar:1 |       0 |   92705 |   0.0 |       0 |     123 |   0.0 |  1127
         Tar:2 |       0 |     414 |   0.0 |       0 |       1 |   0.0 |    80
         Tar:3 |       0 |   83910 |   0.0 |       0 |      92 |   0.0 |   907
         Tar:4 |       0 |    1723 |   0.0 |       0 |       5 |   0.0 |    68
         Tar:5 |       0 |   13121 |   0.0 |       0 |      29 |   0.0 |   106
         Tar:6 |       0 |   45235 |   0.0 |       0 |      79 |   0.0 |  1037
         Tar:7 |       0 |  181534 |   0.0 |       0 |     148 |   0.0 |  1612
         Zot:1 |       0 |   49266 |   0.0 |       0 |      28 |   0.0 |  1631
         Zot:2 |       0 |  101467 |   0.0 |       0 |      57 |   0.0 |  3324
         Zot:3 |       0 |   67658 |   0.0 |       0 |      37 |   0.0 |  2690
         Zot:4 |       0 |   99829 |   0.0 |       0 |      65 |   0.0 |  2663
         Zot:5 |       0 |  123215 |   0.0 |       0 |      48 |   0.0 |  1436
       Abyss:1 |   53861 |   30269 |  64.0 |     115 |      73 |  61.2 |  1677
       Abyss:2 |    6103 |    1590 |  79.3 |      15 |       6 |  71.4 |   234
       Abyss:3 |   24750 |   15343 |  61.7 |      31 |      34 |  47.7 |   334
       Abyss:4 |   17746 |   15306 |  53.7 |      30 |      26 |  53.6 |   553
       Abyss:5 |   58888 |   26567 |  68.9 |      88 |      48 |  64.7 |   762
           Pan |  176791 |  666586 |  21.0 |     254 |     622 |  29.0 | 15565
         Zig:1 |       0 |     746 |   0.0 |       0 |       3 |   0.0 |    35
         Zig:2 |       0 |     808 |   0.0 |       0 |       3 |   0.0 |    68
         Zig:3 |       0 |    3920 |   0.0 |       0 |       3 |   0.0 |    58
         Zig:4 |       0 |    5592 |   0.0 |       0 |       4 |   0.0 |    59
         Zig:5 |       0 |    5634 |   0.0 |       0 |       9 |   0.0 |   105
         Zig:6 |       0 |    7771 |   0.0 |       0 |       7 |   0.0 |   122
         Zig:7 |       0 |    9524 |   0.0 |       0 |       9 |   0.0 |   121
         Zig:8 |       0 |   15700 |   0.0 |       0 |      14 |   0.0 |   374
         Zig:9 |       0 |   17645 |   0.0 |       0 |      10 |   0.0 |    53
        Zig:10 |       0 |   10360 |   0.0 |       0 |      17 |   0.0 |   376
        Zig:11 |       0 |   22242 |   0.0 |       0 |      18 |   0.0 |   148
        Zig:12 |       0 |    9532 |   0.0 |       0 |      24 |   0.0 |    98
        Zig:13 |       0 |   39108 |   0.0 |       0 |      21 |   0.0 |   212
        Zig:14 |       0 |   21605 |   0.0 |       0 |      42 |   0.0 |   425
        Zig:15 |       0 |   45449 |   0.0 |       0 |      31 |   0.0 |   371
        Zig:16 |       0 |   33096 |   0.0 |       0 |      42 |   0.0 |   524
        Zig:17 |       0 |   27545 |   0.0 |       0 |      31 |   0.0 |   633
        Zig:18 |       0 |   34890 |   0.0 |       0 |      72 |   0.0 |   709
        Zig:19 |       0 |   48384 |   0.0 |       0 |      34 |   0.0 |   512
        Zig:20 |       0 |   48530 |   0.0 |       0 |      60 |   0.0 |   276
        Zig:21 |       0 |   49769 |   0.0 |       0 |      37 |   0.0 |   261
        Zig:22 |       0 |   16938 |   0.0 |       0 |       8 |   0.0 |    49
        Bailey |       0 |    2287 |   0.0 |       0 |      39 |   0.0 |   536
         IceCv |       0 |    9791 |   0.0 |       0 |      36 |   0.0 |   767
        WizLab |       0 |   17683 |   0.0 |       0 |      18 |   0.0 |  1100
               +---------+---------+-------+---------+---------+-------+---------
